 Dungeon Crawl Stone Soup version 0.25-a0-58-g9dd530fc12 (webtiles) character file.

Game seed: 6139438947896370279, levelgen mode: deterministic

14254286 Rudriger the Conqueror (level 27, 179/179 HPs)
             Began as a Gargoyle Fighter on Oct 21, 2019.
             Was the Champion of the Shining One.
             Escaped with the Orb
             ... and 15 runes on Oct 27, 2019!
             The game lasted 18:24:34 (112063 turns).

Rudriger the Conqueror (Gargoyle Fighter)         Turns: 112063, Time: 18:24:35

Health: 179/179    AC: 72    Str: 38      XL:     27
Magic:  59/59      EV: 30    Int: 29 (30) God:    the Shining One [******]
Gold:   12663      SH: 33    Dex: 22      Spells: 55/79 levels left

rFire    + + +     SeeInvis .   q - +9 eveningstar (holy)
rCold    + + +     Gourm    .   V - +4 large shield {reflect}
rNeg     + + +     Faith    +   x - +12 gold dragon scales
rPois    ∞         Spirit   .   C - +2 helmet of Jahiegoc {MR+}
rElec    +         Reflect  +   p - scarf {rC+ rF+}
rCorr    .         Harm     .   y - +0 pair of gloves of the Blessed Realm {*Corrode rF+ MR+ Str+9 Dex+3}
MR       +++++     Rnd*Tele +   i - +2 pair of boots
Stlth    ..........             g - amulet "Deblif" {Faith rElec MR+ Str+3}
HPRegen  0.39/turn              u - ring "Vusotekk" {Int+6 Dex+4}
MPRegen  0.36/turn              k - ring of Pocwues {rPois rC+ Int+6 Dex+4}

@: flying, glowing, studying Axes
A: big wings, thin metallic scales 1, clever 1, deterioration 1, frail 1, high
mp 1, mutation resistance 1, negative energy resistance 1, electricity
resistance, strong 1, teleportitis 1, unbreathing, petrification resistance, rot
immunity, AC +20
0: Orb of Zot
}: 15/15 runes: decaying, serpentine, slimy, silver, golden, iron, obsidian,
icy, bone, abyssal, demonic, glowing, magical, fiery, dark
a: Stop Flying, Divine Shield, Cleansing Flame, Summon Divine Warrior, Renounce
Religion


You escaped.
You worshipped the Shining One.
The Shining One was exalted by your worship.
You were not hungry.

You visited 18 branches of the dungeon, and saw 88 of its levels.
You visited Pandemonium 1 time, and saw 19 of its levels.
You visited the Abyss 5 times.
You also visited: Trove, Gauntlet, Ice Cave, Volcano and Desolation.

You collected 17137 gold pieces.
You spent 4474 gold pieces at shops.

Inventory:

Hand Weapons
 q - a +9 eveningstar of holy wrath (weapon)
 w - a +9 eveningstar of freezing
Missiles
 I - 7 silver javelins (quivered)
 O - 6 javelins
 S - 5 throwing nets
Armour
 i - a +2 pair of boots (worn)
 p - a scarf of resistance (worn)
 x - +12 gold dragon scales (worn)
 y - the +0 pair of gloves of the Blessed Realm (worn) {*Corrode rF+ MR+ Str+9 Dex+3}
   (You found it in a Gauntlet)

   It affects your strength (+9).
   It affects your dexterity (+3).
   It protects you from fire.
   It affects your resistance to hostile enchantments.
   It may corrode you when you take damage.
 C - the +2 helmet of Jahiegoc (worn) {MR+}
   (You found it in Pandemonium)

   It affects your resistance to hostile enchantments.
 V - a +4 large shield of reflection (worn)
 Z - a +2 hat of magic resistance
Magical Staves
 b - an uncursed staff of wizardry
Jewellery
 e - the ring of Biaryja {Int+5 Slay+2 SInv}
   (You found it in a treasure trove)

   [ring of see invisible]

   It affects your intelligence (+5).
   It affects your accuracy and damage with ranged weapons and melee attacks
   (+2).
   It lets you see invisible.
 g - the amulet "Deblif" (around neck) {Faith rElec MR+ Str+3}
   (You found it in a treasure trove)

   [amulet of faith]

   It allows you to gain divine favour quickly.
   It affects your strength (+3).
   It insulates you from electricity.
   It affects your resistance to hostile enchantments.
 k - the ring of Pocwues (right hand) {rPois rC+ Int+6 Dex+4}
   (You found it in a treasure trove)

   [ring of intelligence]

   It affects your intelligence (+6).
   It affects your dexterity (+4).
   It protects you from cold.
   It protects you from poison.
 u - the ring "Vusotekk" (left hand) {Int+6 Dex+4}
   (You found it on level 3 of the Tomb of the Ancients)

   [ring of dexterity]

   It affects your intelligence (+6).
   It affects your dexterity (+4).
 E - an uncursed ring of resist corrosion
 N - the ring of Biul {+Blink +Inv rPois Int+2 Dex-2}
   (You found it on level 5 of the Pits of Slime)

   [ring of poison resistance]

   It affects your intelligence (+2).
   It affects your dexterity (-2).
   It protects you from poison.
   It lets you turn invisible.
   It lets you blink.
Wands
 Q - a wand of digging (7)
Scrolls
 a - a scroll of acquirement
 c - 20 scrolls of fear
 d - 2 scrolls of holy word
 f - 2 scrolls of identify
 j - 2 scrolls of summoning
 n - 9 scrolls of blinking
 t - 17 scrolls of teleportation
 v - 4 scrolls of silence
 z - 13 scrolls of amnesia
 B - 5 scrolls of fog
 G - 37 scrolls of remove curse
 L - a scroll of brand weapon
 R - 4 scrolls of immolation
Potions
 l - 6 potions of berserk rage
 m - 9 potions of heal wounds
 o - 5 potions of magic
 J - 29 potions of curing
 K - 7 potions of brilliance
 M - 19 potions of lignification
 T - 8 potions of cancellation
 U - 5 potions of resistance
 X - 10 potions of agility
Books
 D - a manual of Axes
Miscellaneous
 s - a figurine of a ziggurat
Comestibles
 F - 86 rations


   Skills:
 O Level 27 Fighting
 - Level 18.0 Maces & Flails
 - Level 10.0 Throwing
 O Level 27 Armour
 O Level 27 Dodging
 - Level 25.0 Shields
 + Level 26.9 Spellcasting
 - Level 15.0 Conjurations
 - Level 10.0 Translocations
 O Level 27 Earth Magic
 - Level 15.0 Invocations


You had 55 spell levels left.
You knew the following spells:

 Your Spells              Type           Power        Failure   Level  Hunger
a - Apportation           Tloc           ######       1%          1    None
b - Iron Shot             Conj/Erth      ########..   1%          6    None
c - Blink                 Tloc           N/A          1%          2    None
d - Passage of Golubria   Tloc           N/A          1%          4    None
e - Passwall              Tmut/Erth      #######.     0%          2    None
f - Shatter               Erth           ########..   4%          9    #####..

Your spell library contained the following spells:

 Spells                   Type           Power        Failure   Level  Hunger
 Magic Dart               Conj           ####         0%          1    None
 Sandblast                Erth           ######       0%          1    None
 Searing Ray              Conj           ######       0%          2    None
 Stone Arrow              Conj/Erth      ######       0%          3    None
 Lee's Rapid Deconstruct  Erth           ########..   0%          5    None
 Shock                    Conj/Air       ####         1%          1    None
 Sting                    Conj/Pois      ####         1%          1    None
 Shroud of Golubria       Chrm/Tloc      ######       1%          2    None
 Throw Flame              Conj/Fire      ######       1%          2    None
 Conjure Flame            Conj/Fire      ######..     1%          3    None
 Dazzling Spray           Conj/Hex       ######       1%          3    None
 Gell's Gravitas          Tloc           #######...   1%          3    None
 Lesser Beckoning         Tloc           #######...   1%          3    None
 Mephitic Cloud           Conj/Pois/Air  ######..     1%          3    None
 Portal Projectile        Hex/Tloc       ######       1%          3    None
 Recall                   Summ/Tloc      N/A          1%          3    None
 Static Discharge         Conj/Air       ######..     1%          3    None
 Teleport Other           Tloc           #######.     1%          3    None
 Force Lance              Conj/Tloc      #######.     1%          4    None
 Fulminant Prism          Conj/Hex       ######....   1%          4    None
 Iskenderun's Mystic Bla  Conj           #######.     1%          4    None
 Leda's Liquefaction      Hex/Erth       #######...   1%          4    None
 Petrify                  Tmut/Erth      #######.     1%          4    None
 Sticky Flame             Conj/Fire      ######..     1%          4    None
 Bolt of Magma            Conj/Fire/Erth #######...   1%          5    None
 Borgnjor's Vile Clutch   Necr/Erth      #######...   1%          5    None
 Animate Skeleton         Necr           N/A          2%          1    None
 Beastly Appendage        Tmut           #####.       2%          1    None
 Confusing Touch          Hex            #####.       2%          1    None
 Corona                   Hex            #####..      2%          1    None
 Infusion                 Chrm           ####         2%          1    None
 Pain                     Necr           ####         2%          1    None
 Summon Butterflies       Summ           #####...     2%          1    None
 Summon Small Mammal      Summ           ####         2%          1    None
 Call Imp                 Summ           #####...     3%          2    None
 Corpse Rot               Necr           N/A          3%          2    None
 Ensorcelled Hibernation  Hex/Ice        #####.       3%          2    None
 Poisonous Vapours        Pois/Air       #####.       3%          2    None
 Slow                     Hex            #####...     3%          2    None
 Song of Slaying          Chrm           #####...     3%          2    None
 Sticks to Snakes         Tmut           #####...     3%          2    None
 Swiftness                Chrm/Air       #####...     3%          2    None
 Irradiate                Conj/Tmut      ######....   3%          5    None
 Iskenderun's Battlesphe  Conj/Chrm      ######..     3%          5    None
 Lightning Bolt           Conj/Air       ######....   3%          5    None
 Venom Bolt               Conj/Pois      ######....   3%          5    None
 Orb of Destruction       Conj           #######...   4%          7    None
 Dispersal                Tloc           #######...   6%          6    None
 Call Canine Familiar     Summ           #####...     8%          3    None
 Confuse                  Hex            #####...     8%          3    None
 Ignite Poison            Fire/Tmut/Pois #####...     8%          3    None
 Inner Flame              Hex/Fire       #####...     8%          3    None
 Regeneration             Chrm/Necr      #####.....   8%          3    None
 Spectral Weapon          Hex/Chrm       #####...     8%          3    None
 Spider Form              Tmut/Pois      #####.....   8%          3    None
 Summon Guardian Golem    Hex/Summ       #####...     8%          3    None
 Tukima's Dance           Hex            #####...     8%          3    None
 Vampiric Draining        Necr           #####.....   8%          3    None
 Summon Forest            Summ/Tloc      ######....   9%          5    None
 Bolt of Cold             Conj/Ice       ######....   19%         6    None
 Bolt of Fire             Conj/Fire      ######....   19%         6    None
 Conjure Ball Lightning   Conj/Air       ######....   19%         6    None
 Airstrike                Air            #####.....   26%         4    None
 Animate Dead             Necr           N/A          26%         4    None
 Cause Fear               Hex            #####.....   26%         4    None
 Ice Form                 Ice/Tmut       #####...     26%         4    None
 Olgreb's Toxic Radiance  Pois           #####...     26%         4    None
 Summon Ice Beast         Ice/Summ       #####...     26%         4    None
 Summon Lightning Spire   Summ/Air       #####...     26%         4    None
 Freezing Cloud           Conj/Ice/Air   ######....   45%         6    None
 Alistair's Intoxication  Tmut/Pois      #####...     56%         5    None
 Aura of Abjuration       Summ           #####.....   56%         5    None
 Blade Hands              Tmut           #####.....   56%         5    None
 Excruciating Wounds      Chrm/Necr      #####.....   56%         5    None
 Metabolic Englaciation   Hex/Ice        #####.....   56%         5    None
 Silence                  Hex/Air        #####.....   56%         5    None
 Summon Demon             Summ           #####.....   56%         5    None
 Summon Mana Viper        Hex/Summ       #####...     56%         5    None
 Yara's Violent Unravell  Hex/Tmut       #####.....   56%         5    None
 Spellforged Servitor     Conj/Summ      ######....   69%         7    None
 Malign Gateway           Summ/Tloc      ######....   95%         7    None
 Controlled Blink         Tloc           N/A          95%         8    ###....
 Disjunction              Tloc           #######...   95%         8    ###....
 Darkness                 Hex            #####.....   98%         6    None
 Death Channel            Necr           #####.....   98%         6    None
 Deflect Missiles         Chrm/Air       #####.....   98%         6    None
 Hydra Form               Tmut           #####.....   98%         6    None
 Ozocubu's Refrigeration  Ice            #####.....   98%         6    None
 Shadow Creatures         Summ           N/A          98%         6    None
 Simulacrum               Ice/Necr       #####.....   98%         6    None
 Dragon Form              Tmut           #####.....   100%        7    None
 Haunt                    Necr/Summ      #####.....   100%        7    None
 Monstrous Menagerie      Summ           #####.....   100%        7    None
 Summon Greater Demon     Summ           #####.....   100%        7    None
 Summon Hydra             Summ           #####.....   100%        7    None
 Borgnjor's Revivificati  Necr           #####.....   100%        8    ###....
 Death's Door             Chrm/Necr      #####.....   100%        8    ###....
 Discord                  Hex            #####.....   100%        8    ###....
 Ignition                 Fire           #####.....   100%        8    ###....
 Infestation              Necr           #####.....   100%        8    ###....
 Necromutation            Tmut/Necr      #####.....   100%        8    ###....
 Summon Horrible Things   Summ           #####.....   100%        8    ###....
 Tornado                  Air            #####.....   100%        9    #####..
 Statue Form              Tmut/Erth      Unusable     N/A         6    N/A
 Sublimation of Blood     Necr           Unusable     N/A         2    N/A

Dungeon Overview and Level Annotations

Branches:
Dungeon (15/15)            Temple (1/1) D:4            Lair (6/6) D:11
  Swamp (4/4) Lair:2        Snake (4/4) Lair:4        Slime (5/5) Lair:6
    Orc (2/2) D:12            Elf (3/3) Orc:2        Vaults (5/5) D:14
  Crypt (3/3) Vaults:2       Tomb (3/3) Crypt:3      Depths (5/5) D:15
   Hell (visited)             Dis (7/7) Hell            Geh (7/7) Hell
    Coc (7/7) Hell            Tar (7/7) Hell            Zot (5/5) Depths:5
  IceCv (visited)         Volcano (visited)         Desolation (visited)
Gauntlet (visited)

Altars:
Ashenzari
Cheibriados
Dithmenos
Elyvilon
Fedhas
Gozag
Hepliaklqana
Kikubaaqudgha
Makhleb
Nemelex Xobeh
Okawaru
Qazlal
Ru
Sif Muna
Trog
Uskayaw
Vehumet
Wu Jian
Xom
Yredelemnul
Zin
The Shining One
Jiyva

Shops:
D:12 *[?   Orc:2 *[=   Elf:1 :[:(*   Elf:2 [   Snake:1 *   Snake:2 }=}
Vaults:3 ((   Vaults:5 ?!   Depths:1 *

Portals:
Hell: Depths:1 Depths:2 Depths:3 Depths:4 Depths:5
Abyss: Depths:4
Pandemonium: Depths:3
Ziggurat: Depths:3


Innate Abilities, Weirdness & Mutations

You are resistant to torment.
Your stone body is resilient. (AC +20)
You are immune to poison.
Your large and strong wings let you fly indefinitely.
You resist negative energy. (rN+)
You are resistant to electric shocks. (rElec)
You can survive without breathing.
You are immune to petrification.
You are immune to rotting.
You are partially covered in thin metallic scales. (AC +2)
Your mind is acute. (Int +2)
Your body sometimes deteriorates upon taking damage.
You are frail. (-10% HP)
You have an increased reservoir of magic. (+10% MP)
You are somewhat resistant to further mutation.
Your muscles are strong. (Str +2)
You are occasionally teleported next to monsters.


Message History

Evoke which item? (* to show all) (? for menu, Esc to quit)
Aiming: Dig
Press: ? - help, Shift-Dir - straight line A rock wall.
This square is lit by a halo and is covered in magical glow.
The rock shatters into small pieces.
Quiver which item? (- for none, * to show all) (? for menu, Esc to quit)
Okay, then.
Evoke which item? (* to show all) (? for menu, Esc to quit)
Aiming: Dig
Press: ? - help, Shift-Dir - straight line A rock wall.
This square is lit by a halo and is covered in magical glow.
The rock shatters into small pieces.
As you open the door, it creaks loudly!
A cacodemon comes into view.
There is an open door here.
There is a staircase leading out of the dungeon here.
You see here 4 stones.
You have escaped!

##.# #.#.###.#..⌠≈.######.######
##.####.#.# #.#..≈≈.#............
..........###....................
....##................###........
....................### #........
....###..)........#.# #........
...## #...#.##......# #.#......
#..# #........###..# #........
#..# #..##.##(2@'..#######......
#..####..##..4.###.....# #......
#.....#..##.##......##.# #####.#
#.###.#..##.####.##.##.# #.#
#........##.# #.##.##.# #.#
#####....##.# #.##..#.# #.. #
#....##.# #....#..# ### #
#....##.#######)##.## # #
#...............##..## #


You could see a cacodemon and an orange demon.

Vanquished Creatures
  Cerebov (Pan)
  Antaeus (Coc:7)
  Asmodeus (Geh:7)
  Ereshkigal (Tar:7)
  Gloorx Vloq (Pan)
  the Serpent of Hell (Coc:7)
  A seraph (Pan)
  Lom Lobon (Pan)
  Mnoleg (Pan)
  Dispater (Dis:7)
  Khufu (Crypt:2)
  Mennas (Crypt:1)
  5 orbs of fire
  2 juggernauts
  14 ancient liches
  27 greater mummies
  the Lernaean hydra (Swamp:4)
  Bai Suzhen (Snake:3)
  Sojobo (Depths:2)
  Margery (Vaults:5)
  Boris (Crypt:2)
  Saint Roka (Crypt:2)
  3 Killer Klowns (Zot:5)
  The ghost of Usmir the Bewitcher, a master KoEn of Dithmenos (Depths:1)
  The ghost of grouchysmurf the Slayer, a veteran BaFi of Ru (Vaults:4)
  6 shard shrikes
  A curse toe (Zot:4)
  Geryon (Hell)
  14 golden dragons
  Jory (Tomb:1)
  4 pandemonium lords (Pan)
  13 bone dragons
  2 pearl dragons (Pan)
  A profane servitor (Abyss:1)
  14 Tzitzimimeh
  5 doom hounds
  An electric golem (Zot:5)
  11 Brimstone Fiends
  3 iron giants
  Rupert (Lair:5)
  22 liches
  8 Hell Sentinels
  26 tentacled monstrosities
  A hellephant (Abyss:3)
  26 Orb Guardians
  The ghost of Riboake the Severer, an adept DgFi (Elf:2)
  17 Ice Fiends
  19 titans
  13 quicksilver dragons
  12 deep elf blademasters
  Asterion (Snake:1)
  32 Executioners
  17 acid blobs
  31 tentacled starspawn
  16 shadow dragons
  Frances (Snake:1)
  10 death cobs
  Kirke (D:12)
  10 sphinxes
  An eldritch tentacle (Pan)
  26 storm dragons
  14 ancient champions
  8 tengu reavers
  4 revenants
  Donald (Vaults:1)
  An azure jelly (shapeshifter) (Elf:2)
  4 nagarajas (Snake:4)
  A thorn hunter (Swamp:4)
  9 azure jellies
  Roxanne (Swamp:2)
  5 draconian monks
  5 draconian scorchers
  12 iron dragons
  17 cacodemons
  16 daevas
  7 draconian knights
  28 frost giants
  17 fire giants
  An orc warlord (Vaults:3)
  8 warmongers (Pan)
  5 deep elf elementalists
  5 corrupters (Pan)
  14 vault wardens
  6 curse skulls
  14 deep elf sorcerers
  Louise (D:14)
  31 balrugs
  The ghost of MirrMurr the Unseen, an adept SpEn of Dithmenos (Snake:2)
  An imperial myrmidon (Desolation)
  3 draconian stormcallers
  7 draconian annihilators
  11 draconian shifters
  A juggernaut zombie (Depths:1)
  35 angels (Pan)
  36 stone giants
  48 reapers
  3 elemental wellsprings (Coc:7)
  A spriggan defender (Depths:4)
  An entropy weaver (Vaults:3)
  3 ghouls
  9 blood saints (Pan)
  26 very ugly things
  19 ironheart preservers
  22 apis (Pan)
  15 deep elf demonologists
  15 ophanim (Pan)
  14 bennus
  3 halazid warlocks (Desolation)
  4 vampire knights
  10 black draconians
  16 purple draconians
  9 war gargoyles
  5 black suns (Pan)
  8 red draconians
  13 green draconians
  Azrael (D:14)
  9 lorocyprocas
  12 deep elf annihilators
  13 yellow draconians
  A minotaur (Gauntlet)
  13 white draconians
  6 spark wasps
  3 crystal guardians (Desolation)
  11 green deaths
  13 deep elf death magi
  A spark wasp (shapeshifter) (Vaults:5)
  12 eidola
  A merfolk impaler (Abyss:3)
  7 quicksilver dragon zombies
  22 blizzard demons
  9 ettins
  27 mummy priests
  4 jiangshi
  7 death oozes
  16 fire dragons
  13 great orbs of eyes
  72 small abominations
  6 ragged hierophants (Desolation)
  A kraken zombie (Hell)
  17 yaktaur captains
  11 deep elf high priests
  5 quicksilver dragon skeletons
  11 ogre magi
  9 rakshasas
  38 vault guards
  4 servants of whispers (Desolation)
  6 monstrous demonspawn (Pan)
  23 hydras
  12 naga warriors
  6 peacekeepers (Desolation)
  3 ghost crabs
  19 ice dragons
  A shambling mangrove (Swamp:4)
  13 anacondas
  7 spriggan air magi
  8 death knights
  30 dancing weapons
  7 deep troll shamans
  6 death yaks
  41 two-headed ogres
  Erica (D:9)
  A two-headed ogre (shapeshifter) (Elf:2)
  12 alligators
  55 death scarabs
  12 centaur warriors
  37 hell hogs
  A queen ant (Gauntlet)
  5 titan zombies
  14 vampire magi
  A catoblepas (D:14)
  19 tengu warriors
  6 orc high priests
  Urug (Lair:2)
  25 soul eaters
  6 deep troll earth magi
  16 naga sharpshooters
  31 thrashing horrors
  9 spriggan berserkers
  6 shock serpents
  53 sun demons
  6 storm dragon zombies
  26 wretched stars
  An iron troll (shapeshifter) (Vaults:5)
  3 iron golems
  31 deep elf knights
  17 shadow wraiths
  3 iron trolls
  A fire crab (Volcano)
  A fire crab (shapeshifter) (Vaults:5)
  39 hell knights
  7 salamander mystics
  102 skeletal warriors
  23 deep trolls
  A death drake (Tar:7)
  6 storm dragon skeletons
  3 golden dragon zombies
  14 cherubim (Pan)
  10 glowing orange brains
  5 titan skeletons
  24 sixfirhies
  6 spatial maelstroms
  7 unseen horrors
  8 gelid demonspawn (Pan)
  7 infernal demonspawn (Pan)
  15 flayed ghosts
  13 naga ritualists
  14 shadow demons
  7 torturous demonspawn (Pan)
  13 wizards
  3 quicksilver dragon simulacra
  9 anaconda zombies
  2 spriggan druids (Swamp:3)
  7 swamp dragons
  2 ghost moth zombies
  An anaconda skeleton (Abyss:1)
  27 phantasmal warriors
  4 golden dragon skeletons
  19 ironbrand convokers
  5 lindwurms
  19 orc knights
  25 deep elf archers
  2 tengu zombies
  Pikel (D:5)
  2 shadow dragon zombies (Dis:5)
  9 harpies
  33 necromancers
  6 wolf spiders
  2 shadow dragon skeletons
  21 mana vipers
  44 ugly things
  6 wolf spider zombies
  An orb spider (Abyss:1)
  7 iron dragon zombies
  6 frost giant zombies
  9 fire giant zombies
  15 orc sorcerers
  101 deep elf magi
  A wolf spider (shapeshifter) (Vaults:3)
  16 worldbinders
  An orb spider (shapeshifter) (Elf:2)
  4 shining eyes
  5 stone giant zombies
  3 manticores
  3 iron dragon skeletons
  13 salamanders
  4 cyclopes
  19 elephants
  2 manticores (shapeshifter)
  2 centaur zombies (D:15)
  3 ice statues
  5 frost giant skeletons
  33 rust devils
  Joseph (D:7)
  5 fire giant skeletons
  Maurice (D:9)
  27 moths of wrath
  4 apocalypse crabs
  27 naga magi
  24 vault sentinels
  6 stone giant skeletons
  12 guardian serpents
  5 storm dragon simulacra (Coc:7)
  9 dire elephant zombies
  An eye of devastation (shapeshifter) (Depths:2)
  49 smoke demons
  23 spiny frogs
  3 shock serpent zombies
  7 torpor snails
  57 black mambas
  6 dire elephant skeletons
  3 titan simulacra (Coc:7)
  6 eyes of devastation
  A spiny frog (shapeshifter) (Abyss:1)
  12 molten gargoyles (Geh:7)
  A catoblepas zombie (Crypt:3)
  24 orange demons
  A kobold demonologist (D:9)
  A shock serpent skeleton (Tar:7)
  3 emperor scorpion zombies
  A minotaur zombie (Geh:4)
  112 large abominations
  2 rime drakes
  8 komodo dragons
  2 yaktaur zombies (Vaults:1)
  9 anaconda simulacra
  12 demonic crawlers
  51 yaktaurs
  26 hellions
  2 iron troll zombies (Dis:5)
  12 efreet
  33 red devils
  2 tengu conjurers
  A yaktaur (shapeshifter) (Vaults:1)
  31 ice devils
  27 hellwings
  A catoblepas skeleton (Crypt:3)
  29 freezing wraiths
  54 guardian mummies
  2 golden dragon simulacra (Abyss:3)
  A black draconian skeleton (Crypt:2)
  19 ancient zymes
  29 tormentors
  2 yaktaur skeletons
  A death drake zombie (Crypt:2)
  3 silent spectres
  2 trolls (shapeshifter)
  A death yak skeleton (Crypt:1)
  5 jumping spiders (Crypt:3)
  A polar bear (Lair:4)
  10 hydra zombies
  15 trolls
  A jumping spider (shapeshifter) (Vaults:2)
  7 tyrant leeches
  19 hornets
  4 hydra skeletons
  44 saltlings (Desolation)
  A harpy skeleton (D:14)
  A blink frog (shapeshifter) (Depths:3)
  5 alligator zombies
  56 slime creatures
  12 bog bodies
  58 raiju
  26 blink frogs
  9 ettin zombies
  A stone giant simulacrum (Vaults:4)
  A frost giant simulacrum (Vaults:2)
  2 ice dragon zombies
  2 alligator skeletons
  5 fire dragon zombies
  10 hippogriffs
  146 flying skulls
  2 meliai zombies (D:15)
  138 starcursed masses
  33 ynoxinuls
  37 shadows
  9 redbacks
  12 wyverns
  5 centaur simulacra
  A guardian serpent skeleton (Crypt:2)
  6 ice dragon skeletons
  3 vampires
  33 wraiths
  52 yaks
  9 spriggans
  8 fire dragon skeletons
  8 ettin skeletons
  6 air elementals
  A human (shapeshifter) (Elf:2)
  9 water elementals
  A tarantella (shapeshifter) (D:13)
  13 ushabtiu
  3 dire elephant simulacra (IceCv)
  25 fire elementals
  9 fire bats
  4 black mamba skeletons
  A steam dragon (Volcano)
  4 basilisks
  6 golden eyes
  31 chaos spawn
  5 hogs
  11 vampire mosquitoes
  5 hungry ghosts
  27 neqoxecs
  6 harpy simulacra (IceCv)
  A yaktaur simulacrum (Vaults:3)
  23 insubstantial wisps
  41 nagas
  15 wargs
  2 acid dragons
  2 iron troll simulacra (IceCv)
  A soldier ant (shapeshifter) (Vaults:3)
  5 spatial vortices
  13 swamp worms
  An orb spider zombie (Crypt:1)
  7 hydra simulacra
  22 water moccasins
  3 spiny frog zombies
  52 hell hounds
  6 soldier ants (Gauntlet)
  A water moccasin (shapeshifter) (Abyss:1)
  A floating eye (Depths:2)
  54 orc warriors
  3 merfolk skeletons
  A two-headed ogre skeleton (Crypt:2)
  4 black bears
  3 porcupines
  An eye of draining (shapeshifter) (Elf:2)
  9 ice beasts
  An ice dragon simulacrum (Vaults:1)
  11 necrophages
  5 sky beasts
  12 swamp drakes
  7 spiny frog skeletons
  6 snapping turtle zombies
  5 human zombies
  9 eyes of draining
  5 phantoms
  An ogre (shapeshifter) (Vaults:3)
  2 manticore zombies
  3 ettin simulacra
  A fire dragon simulacrum (Tar:7)
  7 boggarts
  3 alligator simulacra (IceCv)
  45 ogres
  A black bear (shapeshifter) (Vaults:1)
  2 manticore skeletons
  4 snapping turtle skeletons
  16 centaurs
  14 crocodiles
  An elf zombie (Coc:7)
  A big kobold (D:10)
  A salamander zombie (Crypt:2)
  18 bullfrogs
  4 earth elementals
  An elf skeleton (Crypt:1)
  A gnoll sergeant (D:7)
  2 glowing shapeshifter simulacra (Vaults:1)
  A draconian skeleton (Crypt:1)
  4 human skeletons
  A deep troll simulacrum (Vaults:3)
  A water moccasin zombie (Crypt:1)
  7 wyvern skeletons
  2 wyvern zombies
  A water moccasin skeleton (D:11)
  3 scorpions
  9 killer bees
  2 raiju zombies
  A swamp dragon simulacrum (IceCv)
  40 wights
  4 howler monkeys
  An electric eel (Lair:3)
  16 crimson imps
  A bullfrog zombie (D:5)
  6 quasits
  4 human simulacra
  4 jellies
  A gnoll shaman (Orc:2)
  37 orc priests
  5 hounds
  A jelly (shapeshifter) (Elf:2)
  A bullfrog skeleton (D:12)
  12 centaur skeletons
  20 iron imps
  5 iguanas
  40 orc wizards
  A demonspawn skeleton (Crypt:1)
  5 hell rats (Hell)
  2 lightning spires (Abyss:3)
  A spriggan simulacrum (IceCv)
  5 troll simulacra (IceCv)
  12 worker ants
  2 wolf simulacra (IceCv)
  2 killer bee zombies
  An ogre skeleton (Crypt:1)
  2 hound zombies (D:10)
  2 hound skeletons
  49 mummies
  2 worker ant zombies
  13 gnolls
  16 adders
  4 naga simulacra (IceCv)
  14 shadow imps
  27 white imps
  16 ufetubi
  3 oozes
  An adder zombie (D:5)
  A worm (D:3)
  2 dart slugs
  10 leopard geckos
  108 orcs
  6 giant cockroaches
  9 hobgoblins
  10 jackals
  18 kobolds
  4 quokkas
  2 ball pythons
  A ball python skeleton (Crypt:2)
  4 bats
  5 frilled lizards
  5 goblins
  A jackal zombie (D:9)
  An orc skeleton (Pan)
  2 orc zombies
  6 rats
  A river rat zombie (Crypt:2)
  3 crawling corpses (Elf:3)
  A lurking horror (Abyss:3)
  2 plants (Lair:6)
  9 starspawn tentacles
  A tentacle (Hell)
  2 withered plants (Crypt:3)
5639 creatures vanquished.

Vanquished Creatures (collateral kills)
  the Royal Jelly (Slime:5)
  An ancient lich (Zot:5)
  A greater mummy (Tomb:1)
  A hellephant (Pan)
  An electric golem (Zot:5)
  An iron giant (Dis:7)
  A Brimstone Fiend (Dis:7)
  A Hell Sentinel (Pan)
  A tentacled monstrosity (Pan)
  2 Orb Guardians (Zot:5)
  An Ice Fiend (Pan)
  An acid blob (Slime:5)
  3 Executioners (Pan)
  A shadow dragon (Hell)
  A sphinx (Tomb:1)
  2 daevas (Pan)
  An iron dragon (Hell)
  2 cacodemons (Pan)
  A reaper (Pan)
  2 angels (Pan)
  A blood saint (Pan)
  2 war gargoyles (Dis:7)
  An apis (Pan)
  An ophan (Pan)
  A black sun (Pan)
  2 corrupters (Pan)
  3 lorocyprocas (Pan)
  A mummy priest (Tomb:1)
  A blizzard demon (Pan)
  2 death oozes
  A titan zombie (Geh:7)
  5 sun demons
  A sixfirhy (Pan)
  A shadow wraith (Hell)
  5 skeletal warriors
  A gelid demonspawn (Pan)
  A deep elf mage (Lair:6)
  An anaconda skeleton (Hell)
  A stone giant zombie (Dis:7)
  A frost giant zombie (Geh:7)
  2 shining eyes (Slime:5)
  4 rust devils
  An iron dragon skeleton (Pan)
  A dire elephant zombie (Dis:7)
  3 smoke demons (Pan)
  2 orange demons
  A hellion (Pan)
  A guardian mummy (Tomb:1)
  A tormentor (Pan)
  A hellwing (Pan)
  3 ice devils
  2 red devils
  2 raiju (Abyss:3)
  An ice dragon zombie (Dis:7)
  An ettin zombie (Dis:7)
  4 slime creatures (Slime:5)
  A small abomination (Abyss:3)
  An alligator zombie (Geh:7)
  A hydra skeleton (Geh:7)
  A wraith (Geh:7)
  2 ushabtiu (Tomb:1)
  5 flying skulls
  A redback (Lair:6)
  A large abomination (Pan)
  3 neqoxecs (Pan)
  4 hell hounds (Dis:7)
  An iron imp (Dis:7)
  2 lightning spires (Abyss:3)
  2 mummies (Tomb:1)
  A shadow imp (Hell)
  A tentacle (Hell)
116 creatures vanquished.

Vanquished Creatures (others)
  Vashnia (Snake:4)
  An eldritch tentacle (Tar:7)
  2 nagarajas (Snake:4)
  A frost giant (Coc:7)
  2 stone giants
  A blood saint (Pan)
  Nessos (D:14)
  A red draconian (Zot:3)
  A deep elf death mage (Crypt:1)
  3 yaktaur captains
  3 centaur warriors
  4 hell hogs
  A thrashing horror (Abyss:3)
  3 deep elf knights
  A spark wasp zombie (Depths:1)
  A skeletal warrior (Coc:7)
  3 deep elf archers
  A large abomination (Abyss:5)
  A deep elf mage (Elf:3)
  2 cyclopes
  A worldbinder (Abyss:1)
  A spiny frog (Swamp:2)
  An orange demon (Abyss:1)
  21 yaktaurs
  A saltling (Desolation)
  A flying skull (Coc:7)
  A human (D:12)
  A spiny frog skeleton (Geh:5)
  A swamp drake (Swamp:2)
  An ice beast (Abyss:3)
  4 small abominations
  A centaur (D:14)
  A wight (Geh:2)
  A crimson imp (Abyss:3)
  An iron imp (Dis:7)
  Ijyb (D:5)
  An orc wizard (Orc:2)
  A white imp (IceCv)
  An ufetubus (IceCv)
  14 ball lightnings (Pan)
  An orc (Vaults:3)
  A quokka (D:7)
  An orc skeleton (Geh:7)
  A briar patch (Swamp:4)
  14 demonic plants (Gauntlet)
  A fire vortex (Pan)
  12 fungi (Lair:6)
  5 lurking horrors
  4 pillars of salt (Vaults:1)
  24 plants
  78 starspawn tentacles
  4 tentacles (Hell)
  11 withered plants (Crypt:3)
247 creatures vanquished.

Grand Total: 6002 creatures vanquished

Notes
Turn   | Place    | Note
-------+----------+-------------------------------------------
     0 | D:1      | Rudriger the Gargoyle Fighter began the quest for the Orb.
     0 | D:1      | Reached XP level 1. HP: 14/14 MP: 1/1
    39 | D:1      | Reached XP level 2. HP: 17/19 MP: 2/2
   349 | D:1      | Reached XP level 3. HP: 21/23 MP: 3/3
  1011 | D:2      | Reached XP level 4. HP: 28/29 MP: 4/4
  1697 | D:3      | Reached XP level 5. HP: 33/33 MP: 5/5
  2484 | D:4      | Reached XP level 6. HP: 39/39 MP: 6/6
  2921 | D:4      | Found a staircase to the Ecumenical Temple.
  2931 | Temple   | Entered the Ecumenical Temple
  2937 | Temple   | Reached XP level 7. HP: 28/44 MP: 7/7
  3172 | Temple   | Became a worshipper of Warmaster Okawaru
  3597 | D:5      | Entered Level 5 of the Dungeon
  3650 | D:4      | Reached skill level 5 in Maces & Flails
  3673 | D:5      | Reached skill level 5 in Armour
  3776 | D:5      | Reached skill level 5 in Fighting
  3776 | D:5      | Reached skill level 5 in Shields
  3834 | D:5      | Noticed Pikel
  3841 | D:5      | Killed Pikel
  3841 | D:5      | Reached * piety under Okawaru
  3841 | D:5      | Reached ** piety under Okawaru
  3841 | D:5      | Reached XP level 8. HP: 51/51 MP: 8/8
  3920 | D:5      | Found a sparkling altar of Nemelex Xobeh.
  3967 | D:5      | Noticed Ijyb
  4338 | D:5      | Found a basalt altar of Yredelemnul.
  4376 | D:5      | Killed Ijyb
  5146 | D:6      | Reached XP level 9. HP: 55/56 MP: 9/9
  5737 | D:7      | Found a blossoming altar of Fedhas.
  5965 | D:7      | Reached *** piety under Okawaru
  6388 | D:7      | Noticed Joseph
  6412 | D:7      | Killed Joseph
  6412 | D:7      | Reached skill level 1 in Invocations
  7680 | D:5      | Found a sparkling altar of Nemelex Xobeh.
  7851 | D:5      | Found a basalt altar of Yredelemnul.
  8167 | D:8      | Received a gift from Okawaru
  8167 | D:8      | Reached XP level 10. HP: 60/63 MP: 9/11
  8493 | D:8      | Identified Ycuzanefo's Collected Works on the Rocks and
                  | Orientation
  8954 | D:8      | Found a shadowy altar of Dithmenos.
  9074 | D:9      | Noticed a two-headed ogre
  9091 | D:8      | Killed a two-headed ogre
  9091 | D:8      | Reached **** piety under Okawaru
  9364 | D:9      | Reached skill level 10 in Maces & Flails
  9702 | D:9      | Noticed a two-headed ogre
  9719 | D:9      | Killed a two-headed ogre
  9719 | D:9      | Received a gift from Okawaru
  9719 | D:9      | Reached XP level 11. HP: 66/69 MP: 12/14
  9780 | D:9      | Noticed Erica
  9922 | D:9      | Killed Erica
 10062 | D:9      | Reached ***** piety under Okawaru
 10143 | D:9      | Reached skill level 5 in Invocations
 10183 | D:9      | Got a faintly glowing dagger
 10241 | D:9      | Identified the +4 dagger "Nihoh" {pierce, rF+ Int+2 Dex+2}
                  | (You found it on level 9 of the Dungeon)
 10272 | D:10     | Entered Level 10 of the Dungeon
 10504 | D:10     | Noticed Maurice
 10704 | D:9      | Killed Maurice
 10773 | D:10     | Noticed a manticore
 10821 | D:10     | Killed a manticore
 11769 | D:11     | Noticed a cyclops
 11807 | D:11     | Killed a cyclops
 11988 | D:11     | Found a staircase to the Lair.
 12745 | Lair:1   | Entered Level 1 of the Lair of Beasts
 12932 | Lair:1   | Reached XP level 12. HP: 65/76 MP: 12/16
 13274 | Lair:1   | Upgraded the game from 0.25-a0-41-g6cf4ce537d to
                  | 0.25-a0-42-g6c54e25894
 13364 | Lair:1   | Received a gift from Okawaru
 14228 | Lair:2   | Found a staircase to the Swamp.
 14431 | Lair:2   | Reached skill level 10 in Fighting
 14548 | Lair:2   | Noticed a four-headed hydra
 14560 | Lair:2   | Killed a four-headed hydra
 14560 | Lair:2   | Reached skill level 10 in Armour
 14560 | Lair:2   | Reached skill level 10 in Shields
 14779 | Lair:2   | Noticed Urug
 14788 | Lair:2   | Killed Urug
 14926 | Lair:2   | Noticed an ice dragon
 14941 | Lair:2   | Killed an ice dragon
 15240 | Lair:3   | Found a gate leading to a gauntlet.
 15246 | Gauntlet | Entered a Gauntlet
 15246 | Gauntlet | Found a transporter.
 15246 | Gauntlet | Found a transporter.
 15246 | Gauntlet | Found a transporter.
 15246 | Gauntlet | Noticed a queen ant
 15249 | Gauntlet | Found a transporter.
 15250 | Gauntlet | Found a transporter.
 15250 | Gauntlet | Found a transporter.
 15261 | Gauntlet | Noticed a death scarab
 15262 | Gauntlet | Found a transporter.
 15264 | Gauntlet | Found a transporter.
 15265 | Gauntlet | Found a transporter.
 15265 | Gauntlet | Found a transporter.
 15276 | Gauntlet | Found a transporter.
 15286 | Gauntlet | Noticed a death ooze
 15396 | Gauntlet | Found a transporter.
 15607 | Gauntlet | Killed a queen ant
 15765 | Gauntlet | Killed a death ooze
 15765 | Gauntlet | Reached XP level 13. HP: 67/83 MP: 11/18
 15808 | Gauntlet | Got a pair of distressingly furry gloves
 15819 | Gauntlet | Identified the cursed +0 pair of gloves of the Blessed
                  | Realm {*Corrode rF+ MR+ Str+9 Dex+3} (You found it in a
                  | Gauntlet)
 15915 | Gauntlet | Noticed a minotaur
 15924 | Gauntlet | Killed a minotaur
 15933 | Gauntlet | Got a jewelled shortbow
 15961 | Gauntlet | Identified the cursed +0 shortbow of Conscience {velocity,
                  | rN+} (You found it in a Gauntlet)
 17522 | Lair:4   | Found a staircase to the Snake Pit.
 18483 | Lair:5   | Noticed Rupert
 18510 | Lair:5   | Killed Rupert
 18510 | Lair:5   | Received a gift from Okawaru
 18510 | Lair:5   | Reached ****** piety under Okawaru
 18706 | Lair:5   | Found a snail-covered altar of Cheibriados.
 18733 | Lair:5   | Gained mutation: Your large and strong wings let you fly
                  | indefinitely. [Gargoyle growth]
 18733 | Lair:5   | Reached XP level 14. HP: 86/91 MP: 18/20
 19151 | Lair:6   | Entered Level 6 of the Lair of Beasts
 19276 | Lair:6   | Received a gift from Okawaru
 19325 | Lair:6   | Got a distressingly furry chain mail {god gift}
 19343 | Lair:6   | Identified the +3 chain mail "Emiquim" {+Inv rElec Int+2
                  | Dex+2} (Okawaru gifted it to you on level 6 of the Lair of
                  | Beasts)
 19612 | Lair:6   | Reached skill level 15 in Maces & Flails
 20191 | Lair:6   | Received a gift from Okawaru
 20201 | Lair:6   | Got a heavily runed plate armour {god gift}
 20245 | Lair:6   | Identified the +1 plate armour of the Manifold Princes
                  | {Str+3} (Okawaru gifted it to you on level 6 of the Lair of
                  | Beasts)
 20288 | Lair:6   | Found a staircase to the Slime Pits.
 21113 | D:12     | Noticed Kirke
 21183 | D:12     | Noticed a sphinx
 21190 | D:11     | Reached XP level 15. HP: 59/97 MP: 14/21
 21472 | D:12     | Killed Kirke
 21789 | D:12     | Found Siprigon's Magic Scroll Boutique.
 21856 | D:12     | Found Ishaoh's Antique Armour Boutique.
 22055 | D:12     | Found Pomawioc's Assorted Antiques.
 22059 | D:12     | Bought a heavily runed brass amulet for 125 gold pieces
 22059 | D:12     | Bought a glowing morningstar for 175 gold pieces
 22059 | D:12     | Bought a scroll of blinking for 187 gold pieces
 22063 | D:12     | Identified the amulet "Tumpai" {Reflect Str+7 SH+3} (You
                  | bought it in a shop on level 12 of the Dungeon)
 22465 | D:12     | Found a staircase to the Orcish Mines.
 22672 | Orc:1    | Entered Level 1 of the Orcish Mines
 23197 | Orc:2    | Entered Level 2 of the Orcish Mines
 23209 | Orc:2    | Found a radiant altar of Vehumet.
 23209 | Orc:2    | Found a staircase to the Elven Halls.
 23249 | Orc:2    | Found a dark tunnel.
 23279 | Volcano  | Entered a volcano
 23616 | Orc:2    | Reached XP level 16. HP: 104/104 MP: 22/22
 23924 | Orc:2    | Gained mutation: You have a pair of small horns on your
                  | head. [a neqoxec]
 24459 | Orc:2    | Found Etsuubb's Food Shop.
 24459 | Orc:2    | Found Impuec's Jewellery Shop.
 24459 | Orc:2    | Found Kiap Hoo's Antique Armour Boutique.
 24462 | Orc:2    | Found Zuts's Assorted Antiques.
 24903 | Orc:2    | Bought a runed large shield for 195 gold pieces
 24903 | Orc:2    | Bought an embroidered scarf for 208 gold pieces
 25503 | D:13     | Found a runed translucent door.
 25534 | D:13     | Received a gift from Okawaru
 25571 | D:13     | Noticed a storm dragon
 25582 | D:13     | Killed a storm dragon
 25600 | D:13     | Got a shimmering hand crossbow
 25606 | D:13     | Identified the +7 hand crossbow "Getux" {penet, -Tele rPois
                  | MP-9 Stlth+} (You found it on level 13 of the Dungeon)
 25903 | D:14     | Noticed Nessos
 25912 | D:14     | Killed Nessos
 26081 | D:14     | Found a gate to the Vaults.
 26217 | D:14     | Reached XP level 17. HP: 106/112 MP: 23/23
 26250 | D:14     | Noticed Azrael
 26279 | D:14     | Killed Azrael
 26658 | D:14     | Noticed Louise
 26685 | D:14     | Killed Louise
 26785 | D:14     | Reached skill level 5 in Dodging
 27026 | D:15     | Entered Level 15 of the Dungeon
 27170 | D:15     | Received a gift from Okawaru
 27723 | D:15     | Reached skill level 15 in Fighting
 27750 | D:15     | Reached skill level 15 in Armour
 28137 | D:15     | Received a gift from Okawaru
 28143 | D:15     | Found a staircase to the Depths.
 28426 | D:15     | Found a runed translucent door.
 29416 | Swamp:1  | Entered Level 1 of the Swamp
 29633 | Swamp:1  | Got a translucent scale mail
 29792 | Swamp:1  | Noticed a tentacled monstrosity
 30152 | Swamp:2  | Got a steaming pewter amulet
 30155 | Swamp:2  | Identified the amulet of Asmimn {Gourm rC+ SInv} (You found
                  | it on level 2 of the Swamp)
 30157 | Swamp:2  | Identified the +2 scale mail of Lucliy Zede {rPois} (You
                  | found it on level 1 of the Swamp)
 30217 | Swamp:2  | Found a frozen archway.
 30223 | IceCv    | Entered an ice cave
 31118 | IceCv    | Reached XP level 18. HP: 120/120 MP: 24/24
 31208 | IceCv    | Noticed an Ice Fiend
 31224 | IceCv    | Killed an Ice Fiend
 31652 | Swamp:2  | Identified Roxanne's Almanac of Changing
 31652 | Swamp:2  | Noticed Roxanne
 31912 | Swamp:2  | Killed Roxanne
 32018 | Swamp:2  | Received a gift from Okawaru
 32019 | Swamp:2  | Found the +0 pair of fencer's gloves {Riposte Dex+3}
 32937 | Swamp:3  | Noticed a tentacled monstrosity
 32961 | Swamp:3  | Killed a tentacled monstrosity
 33349 | Swamp:4  | Entered Level 4 of the Swamp
 33366 | Swamp:4  | Reached skill level 15 in Shields
 33714 | Swamp:4  | Noticed the 27-headed Lernaean hydra
 33725 | Swamp:4  | Killed the 27-headed Lernaean hydra
 33748 | Swamp:4  | Received a gift from Okawaru
 33788 | Swamp:4  | Got a jewelled quarterstaff {god gift}
 33797 | Swamp:4  | Identified the +8 quarterstaff "Ashock" {freeze, rPois
                  | Str+3} (Okawaru gifted it to you on level 4 of the Swamp)
 33879 | Swamp:4  | Got a decaying rune of Zot
 34354 | Swamp:1  | Killed a tentacled monstrosity
 34534 | Snake:1  | Entered Level 1 of the Snake Pit
 34560 | Snake:1  | Reached XP level 19. HP: 127/127 MP: 25/25
 34620 | Snake:1  | Found a runed translucent door.
 34938 | Snake:1  | Noticed Frances
 34951 | Snake:1  | Killed Frances
 34951 | Snake:1  | Received a gift from Okawaru
 34952 | Snake:1  | Noticed Asterion
 34960 | Snake:1  | Killed Asterion
 35212 | Snake:1  | Found Bidgho Zeoh's Assorted Antiques.
 35558 | Snake:2  | Found a transporter.
 35558 | Snake:2  | Found a transporter.
 35565 | Snake:2  | Identified the +4 whip "Starlight" {holy, rC+ MP-9 Int+4
                  | Stlth+}
 35567 | Snake:2  | Noticed MirrMurr's ghost (adept SpEn)
 35568 | Snake:2  | Found a bloodstained altar of Trog.
 35770 | Snake:2  | Found Saqi's Jewellery Shop.
 35771 | Snake:2  | Found Othridite's Gadget Emporium.
 35771 | Snake:2  | Found Apewn's Gadget Emporium.
 36019 | Snake:2  | You are sucked into a shaft and drop 1 floor!
 36346 | Snake:2  | Killed MirrMurr's ghost
 36382 | Snake:2  | Got a scorched iron ring
 36425 | Snake:2  | Identified the ring of Vanity {rElec rC+ Int+7 Slay-2} (You
                  | found it on level 2 of the Snake Pit)
 36516 | Snake:3  | Noticed Bai Suzhen
 36548 | Snake:3  | Killed Bai Suzhen
 36660 | Snake:3  | Received a gift from Okawaru
 36666 | Snake:3  | Got a jewelled morningstar {god gift}
 36673 | Snake:3  | Identified the +5 morningstar of Eternal Vigilance
                  | {protect, Int+4} (Okawaru gifted it to you on level 3 of
                  | the Snake Pit)
 37070 | Snake:3  | Identified 2 scrolls of acquirement
 37530 | Snake:4  | Entered Level 4 of the Snake Pit
 37749 | Snake:4  | Reached XP level 20. HP: 115/136 MP: 24/26
 38326 | Snake:4  | Received a gift from Okawaru
 38352 | Snake:4  | Got a faintly glowing flail {god gift}
 38353 | Snake:4  | Identified the +10 flail "Giant's Bane" {protect, rElec}
                  | (Okawaru gifted it to you on level 4 of the Snake Pit)
 38445 | Snake:4  | Noticed Vashnia
 38472 | Snake:4  | Killed Vashnia
 38879 | Snake:4  | Got a serpentine rune of Zot
 39198 | Vaults:1 | Entered Level 1 of the Vaults
 39206 | Vaults:1 | Found a ruined gateway.
 39208 | Vaults:1 | Got a polished hand axe
 39209 | Vaults:1 | Identified the +9 hand axe "Waenoec" {drain, *Slow rN+
                  | Str-3 Int+9} (You found it on level 1 of the Vaults)
 39218 | Desolati | Entered the Desolation of Salt
 39253 | Desolati | Received a gift from Okawaru
 39286 | Desolati | Got a flickering bronze amulet
 39287 | Desolati | Identified the amulet of Doubts {RegenMP MP+9 Str-2 Slay+5}
                  | (You found it in the Desolation of Salt)
 39312 | Desolati | Got a twitching marble ring
 39327 | Desolati | Got a pitted scimitar
 39330 | Desolati | Identified the ring "Puvuwnuw" {Fire Str+5} (You found it
                  | in the Desolation of Salt)
 39331 | Desolati | Identified the +10 scimitar of the Vase {freeze, rElec
                  | rPois} (You found it in the Desolation of Salt)
 39332 | Desolati | Identified the +6 glaive of Light {elec, rF+++ Int-2} (You
                  | found it in the Desolation of Salt)
 39437 | Desolati | Identified the Collected Works on Transmigration
 39461 | Desolati | Got a flickering lead ring
 39469 | Desolati | Got a warped wooden ring
 39476 | Desolati | Identified the ring of Satisfaction {+Fly rElec MR- MP+9
                  | Stlth+} (You found it in the Desolation of Salt)
 39478 | Desolati | Identified the ring of Attitude {rElec rF+ MR- Int+2} (You
                  | found it in the Desolation of Salt)
 39591 | Desolati | Received a gift from Okawaru
 39610 | Desolati | Reached XP level 21. HP: 123/142 MP: 27/27
 39714 | Desolati | Got a bound lead ring
 39734 | Desolati | Got a bloodstained scimitar
 39735 | Desolati | Identified the +4 scimitar "Zuw Uggi" {drain, rN++ Str-2
                  | Int+3} (You found it in the Desolation of Salt)
 39747 | Desolati | Identified the ring "Yfahim" {rElec rF- MR+ Int+6 Slay-2}
                  | (You found it in the Desolation of Salt)
 40022 | Vaults:1 | Reached skill level 10 in Dodging
 40245 | Vaults:1 | Noticed Donald
 40258 | Vaults:1 | Killed Donald
 40422 | Vaults:1 | Found a radiant altar of Vehumet.
 40485 | Vaults:1 | Got a distressingly furry robe
 40531 | Vaults:1 | Identified the +2 robe of Philately {rPois MR+ Str-4} (You
                  | found it on level 1 of the Vaults)
 41160 | Vaults:1 | Received a gift from Okawaru
 41248 | Vaults:1 | Got a jewelled fustibalus {god gift}
 41254 | Vaults:1 | Identified the +1 fustibalus of Waeroco {venom, rPois
                  | Stlth+} (Okawaru gifted it to you on level 1 of the Vaults)
 41598 | Vaults:1 | Upgraded the game from 0.25-a0-42-g6c54e25894 to
                  | 0.25-a0-50-gf0389da217
 41812 | Vaults:2 | Found a staircase to the Crypt.
 42036 | Vaults:2 | Received a gift from Okawaru
 42058 | Vaults:2 | Got a slimy hat {god gift}
 42070 | Vaults:2 | Identified the +2 hat of Free Expression {rF+} (Okawaru
                  | gifted it to you on level 2 of the Vaults)
 42202 | Vaults:2 | Reached XP level 22. HP: 152/152 MP: 28/28
 43549 | Vaults:3 | Found Vihon's Antique Weapon Shoppe.
 44838 | Vaults:3 | Found Coxzemuj's Weapon Boutique.
 44860 | Vaults:3 | Received a gift from Okawaru
 45251 | Vaults:3 | Reached XP level 23. HP: 159/159 MP: 29/29
 46276 | Vaults:4 | Got a pair of dazzling gloves
 46278 | Vaults:4 | Identified the +2 pair of gloves "Jepp" {Int+4} (You found
                  | it on level 4 of the Vaults)
 46504 | Vaults:4 | Found a runed translucent gate.
 46504 | Vaults:4 | Found a runed translucent gate.
 46504 | Vaults:4 | Found an ancient bone altar of Kikubaaqudgha.
 46504 | Vaults:4 | Found a runed translucent gate.
 46504 | Vaults:4 | Noticed an ancient lich
 46559 | Vaults:4 | Received a gift from Okawaru
 46813 | Vaults:4 | Noticed grouchysmurf's ghost (veteran BaFi)
 46830 | Vaults:4 | Killed an ancient lich
 46865 | Vaults:4 | Killed grouchysmurf's ghost
 46898 | Vaults:4 | Got a pair of polished boots
 46908 | Vaults:4 | Identified the +2 pair of boots "Pisyfou" {rElec rPois rC-
                  | Dex+4} (You found it on level 4 of the Vaults)
 46909 | Vaults:4 | Identified the cursed +0 pair of boots of a volcano {rCorr}
                  | (You found it on level 4 of the Vaults)
 46912 | Vaults:4 | Identified the ring "Kupseas" {rPois rC- rN+ MR+ Dex+4}
                  | (You found it on level 4 of the Vaults)
 47383 | Elf:1    | Entered Level 1 of the Elven Halls
 47518 | Elf:1    | Found a shimmering blue altar of Sif Muna.
 47539 | Elf:1    | Found Fyr Ofud's Weapon Shop.
 47539 | Elf:1    | Found Discheec's Book Boutique.
 47559 | Elf:1    | Found Jetufi's General Store.
 47561 | Elf:1    | Found Essuqole's Armour Boutique.
 47979 | Elf:1    | Found Gaxos's Book Shop.
 48298 | Elf:1    | Identified Sif Muna's Collected Works on the Escort
 48493 | Elf:2    | Found a runed translucent gate.
 48493 | Elf:2    | Found a runed translucent gate.
 48493 | Elf:2    | Found a runed translucent gate.
 48533 | Elf:2    | Found Jyghiett's Armour Shop.
 48727 | Elf:2    | Identified the ring of Log Gedo {rF+ rN+ Int-3 Dex+2
                  | Stlth+}
 48753 | Elf:2    | Received a gift from Okawaru
 48918 | Elf:2    | Found a runed translucent gate.
 49050 | Elf:2    | Found a runed translucent gate.
 49051 | Elf:2    | Found a runed translucent gate.
 49079 | Elf:2    | Reached XP level 24. HP: 168/168 MP: 29/29
 49673 | Elf:2    | Found a runed translucent gate.
 49673 | Elf:2    | Found a runed translucent gate.
 49682 | Elf:2    | Found a runed translucent gate.
 49682 | Elf:2    | Noticed Riboake's ghost (adept DgFi)
 49711 | Elf:2    | Learned a level 1 spell: Apportation
 49762 | Elf:2    | Killed Riboake's ghost
 49831 | Elf:2    | Identified the cursed -4 hat of Laesyhol {*Contam rElec
                  | rPois SInv} (You found it on level 2 of the Elven Halls)
 49891 | Elf:3    | Entered Level 3 of the Elven Halls
 50060 | Elf:3    | Received a gift from Okawaru
 50096 | Elf:3    | Got a pair of heavily runed boots {god gift}
 50099 | Elf:3    | Identified the -5 pair of boots of the Snail {MR+} (Okawaru
                  | gifted it to you on level 3 of the Elven Halls)
 51618 | Elf:3    | Identified the +5 hand axe of Kismet {venom, *Noise Int+4
                  | Dex+2}
 51637 | Elf:3    | Identified the Volume of Destructive Shape Shifting
 51652 | Elf:3    | Identified the Guide on Beguiling
 51699 | Elf:3    | Identified Odithut's Volume of Creation and Earth
 51712 | Elf:3    | Identified Spellweaving, Part Six
 51729 | Elf:3    | Identified the +10 triple crossbow of Integrity {penet, rN+
                  | MR+ Str+7 Dex-3} (You found it on level 3 of the Elven
                  | Halls)
 51747 | Elf:3    | Got a dazzling arbalest
 51749 | Elf:3    | Identified the +8 arbalest of Stickiness {flame, +Blink
                  | Str+3 Stlth-} (You found it on level 3 of the Elven Halls)
 52241 | Depths:1 | Entered Level 1 of the Depths
 52241 | Depths:1 | Found a gateway to Hell.
 52526 | Depths:1 | Found a portal to a secret trove of treasure.
 52692 | Depths:1 | Found Gaelai's Serpentskin Sales.
 52805 | Depths:1 | Found a runed translucent door.
 52807 | Depths:1 | Found a shimmering altar of Xom.
 52807 | Depths:1 | Noticed Usmir's ghost (master KoEn)
 52807 | Depths:1 | Identified the cursed +1 eveningstar of Tusaim {chaos,
                  | rPois rC+}
 52838 | Depths:1 | Reached XP level 25. HP: 172/176 MP: 29/29
 53025 | Depths:1 | Killed Usmir's ghost
 53116 | Depths:1 | You paid a toll of 5 scrolls of blinking to enter a
                  | treasure trove
 53117 | Trove    | Entered a treasure trove
 53120 | Trove    | Got a heavily runed ruby amulet
 53124 | Trove    | Got a translucent iron ring
 53130 | Trove    | Got a glittering silver amulet
 53132 | Trove    | Got a transparent ivory amulet
 53135 | Trove    | Got a wavering amber ring
 53137 | Trove    | Got a transparent lapis lazuli ring
 53153 | Trove    | Got a brightly glowing ruby amulet
 53159 | Trove    | Got a slimy golden ring
 53186 | Depths:1 | Identified the amulet of the Disturbing Wonders {Harm
                  | *Drain MR++ Dex+10 Slay+2} (You found it in a treasure
                  | trove)
 53191 | Depths:1 | Identified the ring of Biaryja {Int+5 Slay+2 SInv} (You
                  | found it in a treasure trove)
 53194 | Depths:1 | Identified the amulet "Deblif" {Faith rElec MR+ Str+3} (You
                  | found it in a treasure trove)
 53196 | Depths:1 | Identified the amulet "Omoty" {RegenMP rN+ Str-5 Int+4}
                  | (You found it in a treasure trove)
 53198 | Depths:1 | Identified the ring "Yryemikk" {rElec rC+ Slay+4} (You
                  | found it in a treasure trove)
 53200 | Depths:1 | Identified the ring of Pocwues {rPois rC+ Int+6 Dex+4} (You
                  | found it in a treasure trove)
 53210 | Depths:1 | Identified the amulet of Deusix {Acrobat MR+ Dex+2} (You
                  | found it in a treasure trove)
 53229 | Depths:1 | Identified the cursed ring "Zoodam" {rC- MR+ Str+5 Int+3
                  | Dex-4 SInv} (You found it in a treasure trove)
 53694 | Depths:2 | Received a gift from Okawaru
 53866 | Depths:2 | Noticed Sojobo
 53920 | Depths:2 | Killed Sojobo
 54149 | Depths:2 | Found a snail-covered altar of Cheibriados.
 54177 | Depths:2 | Found a shimmering blue altar of Sif Muna.
 54198 | Depths:2 | Found a transporter.
 54272 | Depths:2 | Received a gift from Okawaru
 54512 | Depths:2 | Found a transporter.
 55702 | D:12     | Bought a scroll of enchant armour for 97 gold pieces
 55702 | D:12     | Bought a scroll of enchant armour for 97 gold pieces
 55846 | Snake:1  | Bought a scroll of enchant armour for 195 gold pieces
 56511 | D:4      | You are sucked into a shaft and drop 3 floors!
 56887 | Depths:3 | Received a gift from Okawaru
 57143 | Depths:3 | Found a gateway to a ziggurat.
 57477 | Depths:3 | Noticed a juggernaut
 57488 | Depths:3 | Killed a juggernaut
 57488 | Depths:3 | Reached XP level 26. HP: 167/186 MP: 27/29
 57565 | Depths:3 | Found a one-way gate leading to the halls of Pandemonium.
 57894 | Depths:4 | Found a stormy altar of Qazlal.
 58066 | Depths:4 | Received a gift from Okawaru
 59029 | Depths:4 | Found a shattered altar of Ashenzari.
 59285 | Depths:4 | Found a glowing silver altar of Zin.
 59742 | Depths:4 | Found a one-way gate to the infinite horrors of the Abyss.
 59821 | Depths:4 | Identified the amulet of Untruth {Spirit +Fly}
 59857 | Depths:4 | Identified the +12 whip of Fate {slash, rPois rC++ Int+3}
 59927 | Depths:4 | Identified the cursed +1 robe "Fuekunin" {Dex+3}
 59979 | Depths:4 | Noticed an ancient lich
 59985 | Depths:4 | Killed an ancient lich
 60160 | Depths:4 | Found an opulent altar of Gozag.
 60330 | Depths:5 | Entered Level 5 of the Depths
 60336 | Depths:5 | Received a gift from Okawaru
 60344 | Depths:5 | Got a heavy robe {god gift}
 60593 | Depths:5 | Identified the +1 robe "Kifi Zoy" {rC+} (Okawaru gifted it
                  | to you on level 5 of the Depths)
 60772 | Depths:5 | Noticed a juggernaut
 60783 | Depths:5 | Killed a juggernaut
 60783 | Depths:5 | Reached XP level 27. HP: 196/196 MP: 29/29
 60995 | Depths:5 | Identified the cursed +0 robe "Nyoromp" {-Tele rF+ rC++
                  | Slay+3} (You found it on level 5 of the Depths)
 61142 | Depths:5 | Found a gate to the Realm of Zot.
 61251 | Depths:5 | Upgraded the game from 0.25-a0-50-gf0389da217 to
                  | 0.25-a0-55-g0753fd1ad2
 61582 | Vaults:5 | Entered Level 5 of the Vaults
 61893 | Vaults:5 | Received a gift from Okawaru
 62241 | Vaults:5 | Noticed an ancient lich
 62259 | Vaults:5 | Killed an ancient lich
 62582 | Vaults:5 | Reached skill level 27 in Fighting
 62766 | Vaults:5 | Identified Usegekomo's Guide on Ashen Translocation
 63070 | Vaults:5 | Received a gift from Okawaru
 63074 | Vaults:5 | Got a polished hunting sling {god gift}
 63093 | Vaults:5 | Noticed Margery
 63102 | Vaults:5 | Killed Margery
 63918 | Vaults:5 | Got a silver rune of Zot
 63925 | Vaults:5 | Identified the +2 hunting sling of Royalism {venom, Dex+4}
                  | (Okawaru gifted it to you on level 5 of the Vaults)
 63927 | Vaults:5 | Identified the +5 great mace "Doinap" {distort, +Blink rC-
                  | Str+2} (You found it on level 5 of the Vaults)
 64087 | Vaults:5 | Received a gift from Okawaru
 64115 | Vaults:5 | Noticed an ancient lich
 64121 | Vaults:5 | Found Muehotun's Distillery.
 64127 | Vaults:5 | Killed an ancient lich
 64270 | Vaults:5 | Found Vybuavyck's Food Emporium.
 64297 | Vaults:5 | Found Sollosij's Magic Scroll Shop.
 64819 | Vaults:5 | Bought a ration for 70 gold pieces
 64819 | Vaults:5 | Bought a ration for 70 gold pieces
 64819 | Vaults:5 | Bought a ration for 70 gold pieces
 64819 | Vaults:5 | Bought a ration for 70 gold pieces
 64819 | Vaults:5 | Bought a ration for 70 gold pieces
 64819 | Vaults:5 | Bought a ration for 70 gold pieces
 64819 | Vaults:5 | Bought a ration for 70 gold pieces
 64819 | Vaults:5 | Bought a ration for 70 gold pieces
 64819 | Vaults:5 | Bought a ration for 70 gold pieces
 65195 | Zot:1    | Entered Level 1 of the Realm of Zot
 65421 | Depths:5 | Received a gift from Okawaru
 66964 | Zot:1    | Received a gift from Okawaru
 67425 | Zot:2    | Reached skill level 27 in Armour
 67435 | Zot:2    | Reached skill level 1 in Earth Magic
 67507 | Zot:2    | Reached skill level 1 in Spellcasting
 67724 | Zot:3    | Noticed an orb of fire
 67725 | Zot:3    | Gained mutation: You tend to lose your temper in combat.
                  | [an orb of fire]
 67746 | Zot:3    | Killed an orb of fire
 67966 | Zot:3    | Reached skill level 5 in Earth Magic
 68009 | Zot:3    | Received a gift from Okawaru
 68634 | Zot:3    | Reached skill level 5 in Spellcasting
 68884 | Zot:3    | Reached skill level 1 in Throwing
 69252 | Zot:4    | Received a gift from Okawaru
 69503 | Zot:4    | Reached skill level 5 in Throwing
 69785 | Zot:4    | Reached skill level 10 in Earth Magic
 70254 | Zot:4    | Lost mutation: You tend to lose your temper in combat.
                  | [potion of mutation]
 70254 | Zot:4    | Lost mutation: You have a pair of small horns on your head.
                  | [potion of mutation]
 70254 | Zot:4    | Gained mutation: You are partially covered in molten
                  | scales. (AC +2) [potion of mutation]
 70254 | Zot:4    | Gained mutation: You have large cloven feet. [potion of
                  | mutation]
 70254 | Zot:4    | Gained mutation: Your natural rate of healing is unusually
                  | fast. [potion of mutation]
 70696 | Vaults:5 | Bought a scroll of enchant weapon for 142 gold pieces
 71165 | Temple   | Fell from the grace of Okawaru
 71165 | Temple   | Became a worshipper of the Shining One
 71445 | Orc:2    | Bought a ration for 50 gold pieces
 71445 | Orc:2    | Bought a ration for 50 gold pieces
 71445 | Orc:2    | Bought a ration for 50 gold pieces
 71445 | Orc:2    | Bought a ration for 50 gold pieces
 71445 | Orc:2    | Bought a ration for 50 gold pieces
 71445 | Orc:2    | Bought a ration for 50 gold pieces
 71445 | Orc:2    | Bought a ration for 50 gold pieces
 71445 | Orc:2    | Bought a ration for 50 gold pieces
 71445 | Orc:2    | Bought a ration for 50 gold pieces
 71445 | Orc:2    | Bought a ration for 50 gold pieces
 71561 | Elf:1    | Bought a ration for 85 gold pieces
 71561 | Elf:1    | Bought a ration for 85 gold pieces
 71672 | D:12     | Bought a scroll of enchant weapon for 97 gold pieces
 72015 | Crypt:1  | Entered Level 1 of the Crypt
 72058 | Crypt:1  | Reached * piety under the Shining One
 72224 | Crypt:1  | Identified the +8 chain mail of Music {Dex+3} (You found it
                  | on level 1 of the Crypt)
 72331 | Crypt:1  | Reached ** piety under the Shining One
 72436 | Crypt:1  | Reached *** piety under the Shining One
 72536 | Crypt:1  | Reached **** piety under the Shining One
 72569 | Crypt:1  | Noticed Mennas
 72642 | Crypt:1  | Killed Mennas
 72806 | Crypt:2  | Noticed a greater mummy
 72808 | Crypt:2  | Noticed Khufu
 72811 | Crypt:2  | Noticed Saint Roka
 72811 | Crypt:2  | Reached ***** piety under the Shining One
 72922 | Crypt:2  | Killed a greater mummy
 72924 | Crypt:2  | Killed Khufu
 72924 | Crypt:2  | Reached skill level 10 in Invocations
 72929 | Crypt:2  | Killed Saint Roka
 73130 | Crypt:2  | Noticed Boris
 73130 | Crypt:2  | Reached ****** piety under the Shining One
 73161 | Crypt:2  | Killed Boris
 73814 | Crypt:3  | Entered Level 3 of the Crypt
 74762 | Crypt:3  | Found a staircase to the Tomb.
 74779 | Crypt:3  | Identified the +1 robe "Qolont" {rElec MR+ Slay+3} (You
                  | found it on level 3 of the Crypt)
 74887 | Crypt:3  | Identified the cursed +1 whip of the Three Realms {slash,
                  | Int+4} (You found it on level 3 of the Crypt)
 75164 | Crypt:3  | Found an ancient bone altar of Kikubaaqudgha.
 75417 | Crypt:3  | Noticed an ancient lich
 75427 | Crypt:3  | Killed an ancient lich
 75449 | Crypt:3  | Got a bound marble ring
 75449 | Crypt:3  | Got a bound pewter ring
 75665 | Crypt:3  | Identified the ring "Mofihiuwo" {*Slow rN+ Str+2 Dex+7}
                  | (You found it on level 3 of the Crypt)
 75666 | Crypt:3  | Identified the ring of Foolhardiness {+Blink rN+ MR- Dex+3}
                  | (You found it on level 3 of the Crypt)
 76043 | Lair:6   | Learned a level 6 spell: Iron Shot
 76051 | Slime:1  | Entered Level 1 of the Pits of Slime
 76503 | Slime:2  | Gained mutation: You are dopey. (Int -2) [a shining eye]
 77244 | Depths:4 | Voluntarily entered the Abyss.
 77265 | Abyss:1  | Found a corrupted altar of Lugonu.
 77266 | Abyss:1  | Found a snail-covered altar of Cheibriados.
 77309 | Abyss:1  | Found a corrupted altar of Lugonu.
 77758 | Abyss:3  | Paralysed by accursed screaming for 1 turns
 77853 | Abyss:3  | Paralysed by you for 3 turns
 77874 | Depths:4 | Escaped the Abyss
 77888 | Depths:4 | Was forgiven by Okawaru
 78084 | Depths:4 | Voluntarily entered the Abyss.
 78138 | Abyss:1  | Paralysed by accursed screaming for 1 turns
 79046 | Abyss:1  | Found a corrupted altar of Lugonu.
 79108 | Abyss:1  | Reached skill level 10 in Throwing
 79110 | Abyss:2  | Found a corrupted altar of Lugonu.
 79418 | Abyss:3  | Paralysed by accursed screaming for 1 turns
 79421 | Abyss:3  | Reached skill level 10 in Spellcasting
 79543 | Abyss:3  | Reached skill level 15 in Earth Magic
 79832 | Abyss:3  | Reached skill level 15 in Invocations
 79903 | Abyss:3  | Gained mutation: You heal very quickly. [a neqoxec]
 80277 | Abyss:3  | Gained mutation: You tend to lose your temper in combat. [a
                  | neqoxec]
 80753 | Abyss:3  | Paralysed by accursed screaming for 1 turns
 82549 | Abyss:3  | Got an abyssal rune of Zot
 82587 | Depths:4 | Escaped the Abyss
 82606 | Depths:4 | Lost mutation: You tend to lose your temper in combat.
                  | [potion of mutation]
 82606 | Depths:4 | Lost mutation: You have large cloven feet. [potion of
                  | mutation]
 82606 | Depths:4 | Lost mutation: You are dopey. (Int -2) [potion of mutation]
 82606 | Depths:4 | Gained mutation: You are partially covered in slimy green
                  | scales. (AC +2) [potion of mutation]
 82606 | Depths:4 | Gained mutation: Your flesh is cold resistant. (rC+)
                  | [potion of mutation]
 82606 | Depths:4 | Gained mutation: You are partially covered in yellow
                  | scales. (AC +2) [potion of mutation]
 82618 | Depths:4 | Upgraded the game from 0.25-a0-55-g0753fd1ad2 to
                  | 0.25-a0-58-g9dd530fc12
 83017 | Elf:1    | Bought a manual of Dodging for 1656 gold pieces
 83333 | Slime:5  | Entered Level 5 of the Pits of Slime
 83453 | Slime:5  | Gained mutation: Scrolls take you a little longer to read.
                  | [a shining eye]
 83455 | Slime:5  | Gained mutation: You are frail. (-10% HP) [a shining eye]
 83459 | Slime:5  | Reached skill level 1 in Translocations
 83479 | Slime:5  | Gained mutation: Your flesh is heat resistant. (rF+) [a
                  | shining eye]
 83588 | Slime:5  | Noticed the Royal Jelly
 83626 | Slime:4  | Lost mutation: You heal very quickly. [a shining eye]
 84104 | Slime:5  | Reached skill level 15 in Dodging
 84118 | Slime:5  | Found a viscous altar of Jiyva.
 84238 | Slime:5  | Killed the Royal Jelly
 84420 | Slime:5  | Identified the Catalogue of Confrontation
 84438 | Slime:5  | Identified the +10 halberd of Raerrarch {chop, rPois rF-
                  | Dex+4} (You found it on level 5 of the Pits of Slime)
 84443 | Slime:5  | Got a warped lapis lazuli ring
 84490 | Slime:5  | Identified the ring of Biul {+Blink +Inv rPois Int+2 Dex-2}
                  | (You found it on level 5 of the Pits of Slime)
 84492 | Slime:5  | Identified the cursed +0 ring mail of Sin {Regen+ rCorr
                  | MP+9 Slay+3} (You found it on level 5 of the Pits of Slime)
 84502 | Slime:5  | Identified the +6 trident "Nias" {venom, Str+4} (You found
                  | it on level 5 of the Pits of Slime)
 84523 | Slime:5  | Got a smoking bone ring
 84525 | Slime:5  | Got a slimy rune of Zot
 84546 | Slime:5  | Identified the ring "Lavveun" {rPois rC+} (You found it on
                  | level 5 of the Pits of Slime)
 84548 | Slime:5  | Identified the +0 ring mail of the Hart {rN+++ Str-5 Int-4
                  | SInv} (You found it on level 5 of the Pits of Slime)
 85276 | Zot:5    | Entered Level 5 of the Realm of Zot
 85818 | Zot:5    | Noticed an ancient lich
 85985 | Zot:5    | Killed an ancient lich
 86363 | Zot:5    | Noticed an ancient lich
 86393 | Zot:5    | Killed an ancient lich
 86427 | Zot:5    | Noticed an orb of fire
 86428 | Zot:5    | Noticed an orb of fire
 86430 | Zot:5    | Noticed an ancient lich
 86438 | Zot:5    | Gained mutation: Your magical capacity is low. (-10% MP)
                  | [an orb of fire]
 86444 | Zot:5    | Gained mutation: Scrolls take you longer to read. [an orb
                  | of fire]
 86446 | Zot:5    | Killed an orb of fire
 86455 | Zot:5    | Gained mutation: Scrolls take you much longer to read. [an
                  | orb of fire]
 86470 | Zot:5    | Killed an orb of fire
 86472 | Zot:5    | Killed an ancient lich
 86506 | Zot:5    | Noticed an ancient lich
 86523 | Zot:5    | Killed an ancient lich
 86590 | Zot:5    | Noticed an orb of fire
 86602 | Zot:5    | Killed an orb of fire
 86642 | Zot:5    | Noticed an ancient lich
 86662 | Zot:5    | Killed an ancient lich
 86729 | Zot:5    | Noticed an ancient lich
 86732 | Zot:5    | Noticed an ancient lich
 86739 | Zot:5    | Killed an ancient lich
 86743 | Zot:5    | Killed an ancient lich
 86939 | Zot:5    | Noticed an orb of fire
 86942 | Zot:5    | Gained mutation: You are dopey. (Int -2) [an orb of fire]
 86958 | Zot:5    | Killed an orb of fire
 87378 | Depths:4 | Learned a level 2 spell: Blink
 87383 | Depths:4 | Learned a level 4 spell: Passage of Golubria
 87394 | Depths:4 | Lost mutation: You are dopey. (Int -2) [potion of mutation]
 87394 | Depths:4 | Lost mutation: Your flesh is cold resistant. (rC+) [potion
                  | of mutation]
 87394 | Depths:4 | Gained mutation: You are resistant to hostile enchantments.
                  | (MR+) [potion of mutation]
 87395 | Depths:4 | Lost mutation: Scrolls take you much longer to read.
                  | [potion of mutation]
 87395 | Depths:4 | Lost mutation: Scrolls take you longer to read. [potion of
                  | mutation]
 87395 | Depths:4 | Gained mutation: Your flesh is cold resistant. (rC+)
                  | [potion of mutation]
 87396 | Depths:4 | Lost mutation: Scrolls take you a little longer to read.
                  | [potion of mutation]
 87396 | Depths:4 | Lost mutation: You are partially covered in molten scales.
                  | (AC +2) [potion of mutation]
 87396 | Depths:4 | Gained mutation: You are very frail. (-20% HP) [potion of
                  | mutation]
 87396 | Depths:4 | Gained mutation: You passively map a small area around you.
                  | [potion of mutation]
 87397 | Depths:4 | Lost mutation: Your magical capacity is low. (-10% MP)
                  | [potion of mutation]
 87397 | Depths:4 | Lost mutation: You are very frail. (-20% HP) [potion of
                  | mutation]
 87397 | Depths:4 | Lost mutation: You passively map a small area around you.
                  | [potion of mutation]
 87397 | Depths:4 | Lost mutation: You are frail. (-10% HP) [potion of
                  | mutation]
 87397 | Depths:4 | Lost mutation: Your natural rate of healing is unusually
                  | fast. [potion of mutation]
 87397 | Depths:4 | Gained mutation: You are robust. (+10% HP) [potion of
                  | mutation]
 87397 | Depths:4 | Gained mutation: You have a pair of small antennae on your
                  | head. [potion of mutation]
 87397 | Depths:4 | Gained mutation: Your spells are a little harder to cast,
                  | but a little more powerful. [potion of mutation]
 87558 | Hell     | Entered the Vestibule of Hell
 87563 | Hell     | Noticed Geryon
 87645 | Hell     | Killed Geryon
 87720 | Hell     | Identified a +9 eveningstar of holy wrath (a +7 eveningstar
                  | of freezing blessed by the Shining One)
 87720 | Hell     | Received a gift from the Shining One
 87750 | Hell     | Found a gateway to the ashen valley of Gehenna.
 87829 | Hell     | Found a gateway to the decaying netherworld of Tartarus.
 87927 | Hell     | Found a gateway to the freezing wastes of Cocytus.
 88122 | Hell     | Found a gateway to the Iron City of Dis.
 88474 | Pan      | Entered Pandemonium
 88629 | Pan      | Reached skill level 15 in Spellcasting
 88653 | Pan      | Identified the amulet "Qyczuik" {Faith +Inv rElec Int+3}
 88653 | Pan      | Noticed a seraph
 88674 | Pan      | Killed a seraph
 88812 | Pan      | Found a glowing golden altar of the Shining One.
 88854 | Pan      | Got a demonic rune of Zot
 88855 | Pan      | Identified the Collected Works on Envenoming
 88881 | Pan      | Identified the +8 flail of Slow Death {antimagic, rElec
                  | Stlth+} (You found it in Pandemonium)
 88885 | Pan      | Identified the +2 helmet of Jahiegoc {MR+} (You found it in
                  | Pandemonium)
 88892 | Pan      | Identified the +2 scale mail of Calculation {Str+5 Int-5}
                  | (You found it in Pandemonium)
 88901 | Pan      | Identified the +10 scythe of Aviutaa {venom, rN+} (You
                  | found it in Pandemonium)
 88915 | Pan      | Learned a level 2 spell: Passwall
 89061 | Pan      | Reached skill level 1 in Conjurations
 89676 | Pan      | Reached skill level 5 in Conjurations
 90285 | Pan      | Found a glowing silver altar of Zin.
 90817 | Pan      | Found a white marble altar of Elyvilon.
 92133 | Pan      | Found an exit through the horrors of the Abyss.
 92394 | Pan      | Noticed Vaesurch the pandemonium lord
 92408 | Pan      | Killed Vaesurch the pandemonium lord
 92758 | Pan      | Entered the realm of Gloorx Vloq.
 92814 | Pan      | Reached skill level 10 in Conjurations
 93266 | Pan      | Noticed Gloorx Vloq
 93278 | Pan      | Killed Gloorx Vloq
 93298 | Pan      | Got a dark rune of Zot
 93479 | Pan      | Identified the cursed +1 ring mail of Dramatic Exits {rElec
                  | rCorr Int-4 Stlth-}
 93931 | Pan      | Found an exit through the horrors of the Abyss.
 94254 | Pan      | Identified the cursed +0 large shield "Vopu" {*Corrode rC++
                  | Str+3 Slay+3}
 94257 | Pan      | Gained mutation: You occasionally shout uncontrollably at
                  | your foes. [a neqoxec]
 94416 | Pan      | Noticed Besem the pandemonium lord
 94423 | Pan      | Killed Besem the pandemonium lord
 94560 | Pan      | Noticed Qotuwuon the pandemonium lord
 94578 | Pan      | Killed Qotuwuon the pandemonium lord
 94653 | Pan      | Identified the Volume of Flight and Combat Magic
 94660 | Pan      | Entered the realm of Mnoleg.
 94775 | Pan      | Gained mutation: You are occasionally teleported next to
                  | monsters. [a neqoxec]
 94798 | Pan      | Noticed Mnoleg
 94817 | Pan      | Killed Mnoleg
 94818 | Pan      | Gained mutation: Scrolls take you a little longer to read.
                  | [a neqoxec]
 94832 | Pan      | Gained mutation: Scrolls take you longer to read. [a
                  | cacodemon]
 94859 | Pan      | Gained mutation: You are dopey. (Int -2) [a neqoxec]
 94869 | Pan      | Got a glowing rune of Zot
 94919 | Pan      | Lost mutation: Your spells are a little harder to cast, but
                  | a little more powerful. [potion of mutation]
 94919 | Pan      | Lost mutation: You are dopey. (Int -2) [potion of mutation]
 94919 | Pan      | Lost mutation: Scrolls take you longer to read. [potion of
                  | mutation]
 94919 | Pan      | Gained mutation: Your flesh is very heat resistant. (rF++)
                  | [potion of mutation]
 94920 | Pan      | Lost mutation: You are resistant to hostile enchantments.
                  | (MR+) [potion of mutation]
 94920 | Pan      | Lost mutation: You occasionally shout uncontrollably at
                  | your foes. [potion of mutation]
 94920 | Pan      | Lost mutation: Your flesh is cold resistant. (rC+) [potion
                  | of mutation]
 94920 | Pan      | Gained mutation: Your natural rate of healing is unusually
                  | fast. [potion of mutation]
 94920 | Pan      | Gained mutation: Your mind is acute. (Int +2) [potion of
                  | mutation]
 94920 | Pan      | Gained mutation: You are covered in fur. (AC +1) [potion of
                  | mutation]
 94921 | Pan      | Lost mutation: You are robust. (+10% HP) [potion of
                  | mutation]
 94921 | Pan      | Lost mutation: Your mind is acute. (Int +2) [potion of
                  | mutation]
 94921 | Pan      | Lost mutation: Scrolls take you a little longer to read.
                  | [potion of mutation]
 94921 | Pan      | Lost mutation: Your flesh is very heat resistant. (rF++)
                  | [potion of mutation]
 94921 | Pan      | Gained mutation: Your flesh is cold resistant. (rC+)
                  | [potion of mutation]
 94921 | Pan      | Lost mutation: You are covered in fur. (AC +1) [potion of
                  | mutation]
 94921 | Pan      | Gained mutation: You have supernaturally acute eyesight.
                  | (SInv) [potion of mutation]
 94922 | Pan      | Lost mutation: You have a pair of small antennae on your
                  | head. [potion of mutation]
 94922 | Pan      | Lost mutation: You are partially covered in slimy green
                  | scales. (AC +2) [potion of mutation]
 94922 | Pan      | Gained mutation: Armour fits poorly on your strangely
                  | shaped body. [potion of mutation]
 94922 | Pan      | Gained mutation: You possess an exceptional clarity of
                  | mind. [potion of mutation]
 94923 | Pan      | Lost mutation: You have supernaturally acute eyesight.
                  | (SInv) [potion of mutation]
 94923 | Pan      | Lost mutation: You are partially covered in yellow scales.
                  | (AC +2) [potion of mutation]
 94923 | Pan      | Gained mutation: You are partially covered in molten
                  | scales. (AC +2) [potion of mutation]
 94923 | Pan      | Gained mutation: Your spells are a little harder to cast,
                  | but a little more powerful. [potion of mutation]
 94924 | Pan      | Lost mutation: Your spells are a little harder to cast, but
                  | a little more powerful. [potion of mutation]
 94924 | Pan      | Lost mutation: Armour fits poorly on your strangely shaped
                  | body. [potion of mutation]
 94924 | Pan      | Lost mutation: You possess an exceptional clarity of mind.
                  | [potion of mutation]
 94924 | Pan      | Gained mutation: Your mind is acute. (Int +2) [potion of
                  | mutation]
 94925 | Pan      | Lost mutation: You are occasionally teleported next to
                  | monsters. [potion of mutation]
 94925 | Pan      | Lost mutation: Your mind is acute. (Int +2) [potion of
                  | mutation]
 94925 | Pan      | Lost mutation: Your flesh is heat resistant. (rF+) [potion
                  | of mutation]
 94925 | Pan      | Lost mutation: Your flesh is cold resistant. (rC+) [potion
                  | of mutation]
 94925 | Pan      | Gained mutation: Scrolls take you a little longer to read.
                  | [potion of mutation]
 94925 | Pan      | Gained mutation: Your flesh is heat resistant. (rF+)
                  | [potion of mutation]
 94947 | Pan      | Entered the realm of Cerebov.
 94997 | Pan      | Identified the +6 sword of Cerebov {flame}
 94997 | Pan      | Noticed Cerebov
 95009 | Pan      | Identified the +3 battleaxe of Change {vamp, rN++ Stlth-}
 95181 | Pan      | Killed Cerebov
 95273 | Pan      | Identified the +0 ring mail of Upredad {+Fly rElec Stlth+}
                  | (You found it in Pandemonium)
 95291 | Pan      | Got a fiery rune of Zot
 95413 | Pan      | Identified the +8 rapier of Kepnew Beata {elec, rPois rN+
                  | Dex+2} (You found it in Pandemonium)
 95608 | Pan      | Entered the realm of Lom Lobon.
 95835 | Pan      | Identified the +3 mace of Famine {drain, Int+4 Dex+3} (You
                  | found it in Pandemonium)
 95899 | Pan      | Noticed Lom Lobon
 95932 | Pan      | Killed Lom Lobon
 95944 | Pan      | Got a magical rune of Zot
 96567 | Pan      | Identified the ring "Cyggeppete" {rC+ rN+ Str+6}
 96980 | Pan      | Found an exit through the horrors of the Abyss.
 97208 | Pan      | Found an exit through the horrors of the Abyss.
 97951 | Pan      | Noticed Itodocva the pandemonium lord
 97962 | Pan      | Killed Itodocva the pandemonium lord
 98284 | Pan      | Found an exit through the horrors of the Abyss.
 98329 | Pan      | Took an exit into the Abyss.
 98329 | Abyss:1  | Escaped into the Abyss
 98362 | Abyss:1  | Paralysed by accursed screaming for 1 turns
 98412 | Abyss:1  | Reached skill level 15 in Conjurations
 98479 | Depths:3 | Escaped the Abyss
 98522 | Depths:3 | Learned a level 9 spell: Shatter
 99123 | Hell     | Got a coiled garnet amulet
 99126 | Hell     | Identified the amulet "Humneofial" {Reflect Str+4 SH+4}
                  | (You acquired it in the Vestibule of Hell)
 99134 | Geh:1    | Entered Level 1 of Gehenna
 99398 | Geh:3    | Reached skill level 5 in Translocations
 99462 | Geh:3    | Gained mutation: Armour fits poorly on your strangely
                  | shaped body. [mutagenic glow]
 99773 | Geh:7    | Entered Level 7 of Gehenna
100306 | Geh:7    | Identified the +7 sceptre of Asmodeus
100306 | Geh:7    | Noticed Asmodeus
100318 | Geh:7    | Killed Asmodeus
100323 | Geh:7    | Got an obsidian rune of Zot
100440 | Geh:7    | Identified Sif Muna's Grimoire of Lucky Execration
100659 | Tar:1    | Entered Level 1 of Tartarus
100880 | Tar:2    | Gained mutation: Your magical capacity is low. (-10% MP) [a
                  | neqoxec]
101182 | Tar:3    | You are sucked into a shaft and drop 2 floors!
101267 | Tar:7    | Entered Level 7 of Tartarus
101511 | Tar:7    | Gained mutation: Scrolls take you longer to read.
                  | [mutagenic glow]
101544 | Tar:7    | Reached skill level 27 in Earth Magic
101662 | Tar:7    | Cast into level 5 of the Abyss (the power of Zot)
101662 | Abyss:5  | Entered Level 5 of the Abyss
101662 | Abyss:5  | Found a corrupted altar of Lugonu.
101735 | Tar:7    | Escaped the Abyss
101754 | Tar:7    | Noticed Ereshkigal
101818 | Tar:7    | Killed Ereshkigal
101852 | Tar:7    | Got a bone rune of Zot
101983 | Tar:7    | Found the +4 dagger "Morg" {pain, MR+ Int+5}
102007 | Tar:7    | Reached skill level 10 in Translocations
102018 | Tar:7    | Identified the Catalogue of Dislocated Ignition
102027 | Tar:7    | Got a translucent graven amulet
102031 | Tar:7    | Identified the amulet of Jagiv {Gourm Dex+2} (You found it
                  | on level 7 of Tartarus)
102222 | Dis:1    | Entered Level 1 of the Iron City of Dis
102395 | Dis:2    | You are sucked into a shaft and drop 2 floors!
102723 | Dis:7    | Entered Level 7 of the Iron City of Dis
103273 | Dis:7    | Identified the +4 staff of Dispater
103273 | Dis:7    | Noticed Dispater
103288 | Dis:7    | Killed Dispater
103316 | Dis:7    | Got an iron rune of Zot
103486 | Dis:7    | Identified the +3 scimitar of Heuddupu {slice, rPois Dex+4}
                  | (You found it on level 7 of the Iron City of Dis)
103695 | Coc:1    | Entered Level 1 of Cocytus
104101 | Coc:6    | You are sucked into a shaft and drop 1 floor!
104101 | Coc:7    | Entered Level 7 of Cocytus
104101 | Coc:7    | Noticed the Serpent of Hell
104113 | Coc:7    | Killed the Serpent of Hell
104289 | Coc:7    | Noticed Antaeus
104311 | Coc:7    | Killed Antaeus
104356 | Coc:7    | Got an icy rune of Zot
104530 | Hell     | Lost mutation: Your magical capacity is low. (-10% MP)
                  | [potion of mutation]
104530 | Hell     | Lost mutation: Scrolls take you longer to read. [potion of
                  | mutation]
104530 | Hell     | Lost mutation: Your flesh is heat resistant. (rF+) [potion
                  | of mutation]
104530 | Hell     | Gained mutation: You are occasionally teleported next to
                  | monsters. [potion of mutation]
104530 | Hell     | Gained mutation: You are robust. (+10% HP) [potion of
                  | mutation]
104531 | Hell     | Lost mutation: You are robust. (+10% HP) [potion of
                  | mutation]
104531 | Hell     | Lost mutation: You are occasionally teleported next to
                  | monsters. [potion of mutation]
104531 | Hell     | Lost mutation: Scrolls take you a little longer to read.
                  | [potion of mutation]
104531 | Hell     | Gained mutation: You are partially covered in rugged brown
                  | scales. (AC +1, +3% HP) [potion of mutation]
104531 | Hell     | Gained mutation: Scrolls take you a little longer to read.
                  | [potion of mutation]
104531 | Hell     | Gained mutation: Your movements are slightly less
                  | encumbered by armour. (ER -2) [potion of mutation]
104532 | Hell     | Lost mutation: Your natural rate of healing is unusually
                  | fast. [potion of mutation]
104532 | Hell     | Lost mutation: You are partially covered in rugged brown
                  | scales. (AC +1, +3% HP) [potion of mutation]
104532 | Hell     | Gained mutation: Your spells are a little easier to cast,
                  | but a little less powerful. [potion of mutation]
104532 | Hell     | Gained mutation: You evolve. [potion of mutation]
104533 | Hell     | Lost mutation: Your spells are a little easier to cast, but
                  | a little less powerful. [potion of mutation]
104533 | Hell     | Lost mutation: Scrolls take you a little longer to read.
                  | [potion of mutation]
104533 | Hell     | Gained mutation: You are occasionally teleported next to
                  | monsters. [potion of mutation]
104533 | Hell     | Gained mutation: You are frail. (-10% HP) [potion of
                  | mutation]
104533 | Hell     | Gained mutation: You are clumsy. (Dex -2) [potion of
                  | mutation]
104533 | Hell     | Gained mutation: You possess an exceptional clarity of
                  | mind. [potion of mutation]
104534 | Hell     | Lost mutation: You are frail. (-10% HP) [potion of
                  | mutation]
104534 | Hell     | Lost mutation: Armour fits poorly on your strangely shaped
                  | body. [potion of mutation]
104534 | Hell     | Lost mutation: You evolve. [potion of mutation]
104534 | Hell     | Lost mutation: You are clumsy. (Dex -2) [potion of
                  | mutation]
104534 | Hell     | Gained mutation: Armour fits poorly on your strangely
                  | shaped body. [potion of mutation]
104534 | Hell     | Gained mutation: You are partially covered in thin metallic
                  | scales. (AC +2) [potion of mutation]
104535 | Hell     | Lost mutation: You are partially covered in molten scales.
                  | (AC +2) [potion of mutation]
104535 | Hell     | Lost mutation: Your movements are slightly less encumbered
                  | by armour. (ER -2) [potion of mutation]
104535 | Hell     | Gained mutation: Your muscles are strong. (Str +2) [potion
                  | of mutation]
104535 | Hell     | Gained mutation: You are somewhat resistant to further
                  | mutation. [potion of mutation]
104535 | Hell     | Gained mutation: You are somewhat resistant to both further
                  | mutation and mutation removal. [potion of mutation]
104536 | Hell     | Lost mutation: Armour fits poorly on your strangely shaped
                  | body. [potion of mutation]
104833 | Crypt:3  | Identified the +1 hat of Distant Worlds {*Contam rC- rN+
                  | Int+7} (You acquired it on level 3 of the Crypt)
104874 | Tomb:1   | Entered Level 1 of the Tomb of the Ancients
105112 | Tomb:1   | Noticed a greater mummy
105116 | Tomb:1   | Killed a greater mummy
105124 | Tomb:1   | Noticed a greater mummy
105132 | Tomb:1   | Killed a greater mummy
105321 | Tomb:2   | Noticed a greater mummy
105321 | Tomb:2   | Noticed an ancient lich
105321 | Tomb:2   | Noticed a greater mummy
105321 | Tomb:2   | Noticed a greater mummy
105330 | Tomb:2   | Killed a greater mummy
105338 | Tomb:2   | Killed a greater mummy
105340 | Tomb:2   | Killed a greater mummy
105341 | Tomb:2   | Killed an ancient lich
105898 | Tomb:3   | Entered Level 3 of the Tomb of the Ancients
105911 | Tomb:3   | Noticed a greater mummy
105912 | Tomb:3   | Noticed a greater mummy
105915 | Tomb:3   | Reached skill level 27 in Dodging
105923 | Tomb:3   | Killed a greater mummy
105923 | Tomb:3   | Noticed an ancient lich
105924 | Tomb:3   | Killed a greater mummy
105933 | Tomb:3   | Killed an ancient lich
105933 | Tomb:3   | Noticed a greater mummy
105934 | Tomb:3   | Noticed a greater mummy
105939 | Tomb:3   | Noticed a greater mummy
105939 | Tomb:3   | Noticed a greater mummy
105944 | Tomb:3   | Killed a greater mummy
105944 | Tomb:3   | Killed a greater mummy
105944 | Tomb:3   | Noticed a greater mummy
105947 | Tomb:3   | Killed a greater mummy
105955 | Tomb:3   | Killed a greater mummy
105955 | Tomb:3   | Killed a greater mummy
106112 | Tomb:3   | Identified the Compendium of Attacks and Earth
106127 | Tomb:3   | Got a flickering glass ring
106172 | Tomb:3   | Identified the Papyrus of the Venomous Compass
106177 | Tomb:3   | Got a scorched wooden ring
106414 | Tomb:3   | Got a golden rune of Zot
106498 | Tomb:3   | Identified the ring "Coimolymm" {MR+++ Stlth+} (You found
                  | it on level 3 of the Tomb of the Ancients)
106500 | Tomb:3   | Identified the ring "Vusotekk" {Int+6 Dex+4} (You found it
                  | on level 3 of the Tomb of the Ancients)
106506 | Tomb:3   | Lost mutation: You possess an exceptional clarity of mind.
                  | [potion of mutation]
106506 | Tomb:3   | Lost mutation: You are somewhat resistant to both further
                  | mutation and mutation removal. [potion of mutation]
106506 | Tomb:3   | Lost mutation: You are somewhat resistant to further
                  | mutation. [potion of mutation]
106506 | Tomb:3   | Gained mutation: You are frail. (-10% HP) [potion of
                  | mutation]
106506 | Tomb:3   | Gained mutation: You have an increased reservoir of magic.
                  | (+10% MP) [potion of mutation]
106506 | Tomb:3   | Gained mutation: Your mind is acute. (Int +2) [potion of
                  | mutation]
106506 | Tomb:3   | Gained mutation: You are somewhat resistant to further
                  | mutation. [potion of mutation]
106620 | Tomb:1   | Noticed a greater mummy
106623 | Tomb:1   | Noticed a greater mummy
106625 | Tomb:1   | Killed a greater mummy
106627 | Tomb:1   | Noticed a greater mummy
106628 | Tomb:1   | Killed a greater mummy
106640 | Tomb:1   | Noticed a greater mummy
106641 | Tomb:1   | Killed a greater mummy
106642 | Tomb:1   | Noticed a greater mummy
106644 | Tomb:1   | Killed a greater mummy
106653 | Tomb:1   | Killed a greater mummy
106728 | Tomb:1   | Noticed a greater mummy
106729 | Tomb:1   | Noticed a greater mummy
106729 | Tomb:1   | Noticed a greater mummy
106729 | Tomb:1   | Noticed a greater mummy
106731 | Tomb:1   | Noticed a greater mummy
106732 | Tomb:1   | Killed a greater mummy
106732 | Tomb:1   | Killed a greater mummy
106733 | Tomb:1   | Killed a greater mummy
106733 | Tomb:1   | Killed a greater mummy
106735 | Tomb:1   | Killed a greater mummy
106735 | Tomb:1   | Noticed a greater mummy
106741 | Tomb:1   | Noticed a greater mummy
106744 | Tomb:1   | Noticed a greater mummy
106745 | Tomb:1   | Killed a greater mummy
106749 | Tomb:1   | Killed a greater mummy
106754 | Tomb:1   | Killed a greater mummy
106882 | Tomb:1   | Noticed a greater mummy
106883 | Tomb:1   | Noticed Jory
106891 | Tomb:1   | Killed a greater mummy
106892 | Tomb:1   | Noticed a greater mummy
106907 | Tomb:1   | Killed a greater mummy
106908 | Tomb:1   | Killed Jory
107333 | Depths:4 | Voluntarily entered the Abyss.
107903 | Abyss:1  | Found a corrupted altar of Lugonu.
108711 | Abyss:1  | Gained mutation: Your body sometimes deteriorates upon
                  | taking damage. [a neqoxec]
110494 | Abyss:1  | Paralysed by accursed screaming for 1 turns
110501 | Abyss:1  | Paralysed by accursed screaming for 2 turns
110753 | Abyss:1  | Noticed an ancient lich
110765 | Abyss:1  | Killed an ancient lich
110899 | Depths:4 | Escaped the Abyss
111324 | Zot:5    | Got the Orb of Zot
111673 | D:14     | Noticed Gudam the pandemonium lord
111721 | D:12     | Noticed Wusaq the pandemonium lord
111727 | D:12     | Noticed Fopim the pandemonium lord
112063 | D:$      | Escaped with the Orb!

Levels and vault maps discovered:
D:1:      dpeg_arrival_tiny_d, layout_loops_ring, corexii_leaking_fountain,
          st_stairs_4, bh_walls_and_bars
D:2:      layout_loops_ring
D:3:      layout_loops_ring, first_ration
D:4:      wad_river_or_something, layout_cave_pools, minmay_temple_entry_grid,
          mrwooster_statue_mirror, due_unseen_surprise
D:5:      layout_gridville, basic_altar, nemelex_dance_club_becter, uniq_pikel,
          uniq_ijyb
D:6:      layout_loops_ring
D:7:      layout_basic, basic_altar, item_on_display_a, uniq_joseph
D:8:      layout_gridville, marbit_many_paths
D:9:      layout_loops_ring, evilmike_minifort, uniq_erica
D:10:     layout_loops_cross, uniq_maurice
D:11:     layout_loops_ring, david_lair_generic, minmay_misc_feat_tiny
D:12:     layout_stronghold, hiddenorc1_lemuel, serial_shops, shop, shop,
          nicolae_shop_statue_plus, serial_column_ruins,
          column_ruins_columns_corner, column_ruins_columns_straight,
          column_ruins_columns_dead_end, column_ruins_columns_straight,
          grunt_tengu_nest, uniq_kirke
D:13:     layout_roguey, minivault_13
D:14:     layout_loops_ring, hangedman_vaults_entry_quadrant_bands,
          serial_rivers, chequers_serial_rivers_micro_d,
          chequers_serial_rivers_small_a, chequers_serial_rivers_micro_c,
          chequers_serial_rivers_large_a, chequers_serial_rivers_small_b,
          chequers_serial_rivers_micro_b, uniq_nessos, uniq_azrael, uniq_louise
D:15:     grunt_enter_depths_magical_seal, layout_loops_corners,
          minmay_misc_feat_pillars, minmay_misc_feat_square,
          small_statue_intersection, drop_trap, minmay_hidden_floor
Temple:   kilobyte_greek_temple
Lair:1:   layout_roguey, chequers_serial_rivers_marsh
Lair:2:   dragon1_lemuel, layout_hall_layers, minmay_swamp_entry_wisps,
          minmay_holes, uniq_urug
Lair:3:   wander_river, layout_small_grid, gauntlet_entry_generic,
          serial_bayou_crossing, infiniplex_staircase_pool, lemuel_fruit_fields
Lair:4:   layout_gridlike, guppyfry_snake_entry_island, columned_hall_lemuel,
          lemuel_fruit_fields
Lair:5:   layout_regular_city, kennysheep_snail_temple, uniq_rupert
Lair:6:   hangedman_lair_tendril_chambers, layout_hall_layers,
          minmay_slime_entry_pillars, chequers_serial_rivers_micro_e,
          hangedman_lair_unloving_vines
Swamp:1:  cheibrodos_swamp_monstrosity, layout_basic_swamp,
          hangedman_swamp_blocks
Swamp:2:  layout_falls_marsh, portal_ice_cave_entry_pillars_three,
          evilmike_swamp_ruin_house_4, swamp_pool5, uniq_roxanne
Swamp:3:  layout_falls_marsh, hangedman_swamp_pad
Swamp:4:  swamp_old_school, layout_basic_swamp, swamp_pool4, grunt_hermit_hut
Snake:1:  cheibrodos_toxic_ritual, layout_misc_corridors, serial_shops,
          nicolae_shop_crystal, grunt_ministairs_13, uniq_asterion, uniq_frances
Snake:2:  layout_onion, gammafunk_ghost_wrathful_warriors, minmay_shop_grove,
          grunt_megastairs_4, serial_bayou_shore_b
Snake:3:  layout_onion_interference, uniq_bai_suzhen
Snake:4:  snake_pit_salamanders_mu, layout_cave_town, serial_bayou_shore_b,
          uniq_vashnia
Slime:1:  layout_caves, basic_altar
Slime:2:  layout_caves
Slime:3:  layout_caves
Slime:4:  layout_caves
Slime:5
Orc:1:    cheibrodos_orc_guarddog, layout_caves
Orc:2:    st_orc_mages, layout_caves, nicolae_volcano_entry_batcave, basic_altar
Elf:1:    eino_elf_arrival_sip, layout_geoelf_octagon, basic_altar,
          serial_shops, shop_fountains, minmay_elf_demonology,
          grunt_megastairs_3, minmay_shoptagon
Elf:2:    layout_geoelf_diagonals, serial_shops, shop,
          ploomutoo_gammafunk_ghost_potion_laboratory, minmay_misc_feat_alley,
          item_on_display_a, lemuel_elevator
Elf:3:    minmay_elf_hall_x, layout_onion_city
Vaults:1: v_alt_pattern_6, grunt_tower_of_power, nicolae_vaults_network_s,
          v_misc_5, nicolae_vaults_big_ls, vaults_mumra_hexcomb,
          vaults_room_door_ring, ontoclasm_vaults_tryst, vaults_mumra_hex,
          hangedman_vaults_stretched_pinwheel, nicolae_vaults_shelves_hall,
          layout_vaults_omnicross, portal_desolation_entry_garden, uniq_donald
Vaults:2: minmay_crypt_entry_simple_walls, ontoclasm_vaults_loading_screen,
          hangedman_vaults_river_flow, vaults_room_pools, v_pattern_3,
          vaults_room_fancy_cross, vaults_room_door_hall,
          hangedman_vaults_hard_town_square, vaults_dpeg_spiral, v_misc_12,
          vaults_dpeg_ring, layout_vaults_ring
Vaults:3: v_misc_29, ontoclasm_vaults_eye, dpeg_vaults_monster_box, v_misc_33,
          vaults_room_boxed, special_room_vaults [special_room_orc],
          nicolae_vaults_yaktaur_gun_rack, vaults_room_grid,
          layout_vaults_big_room, serial_shops, nicolae_shop_overgrown_old_shop
Vaults:4: gammafunk_vaults_ghost_crypt, v_misc_23,
          nicolae_vaults_little_squares_5, vaults_room_door_ring,
          vaults_room_corners, grunt_vaults_hallway_short, v_misc_16,
          vaults_room_guarded_vault, layout_vaults_omnigrid
Vaults:5: uniq_margery
Crypt:1:  layout_rooms, uniq_mennas
Crypt:2:  cheibrodos_crypt_draghalla, layout_chaotic_city, nicolae_crypt_niches,
          uniq_boris, uniq_saint_roka, uniq_khufu
Crypt:3:  evilmike_haunted_forest
Tomb:1:   uniq_jory
Tomb:2
Tomb:3
Depths:1: layout_big_octagon, hell_entry, nicolae_trove_entry_free_sample,
          ebering_ghost_xom, guppyfry_shop_venom, grunt_megastairs_2,
          serial_bayou_shore_a
Depths:2: gammafunk_sealed_library, layout_basic, hell_entry,
          chequers_serial_rivers_room_a, cheibriados_altar_1, uniq_sojobo
Depths:3: minmay_the_grid_square_5x5_4x4_mashed
          [minmay_the_grid_square_5x5_n_small,
          minmay_the_grid_square_5x5_minivault, minmay_the_grid_square_5x5_meh,
          minmay_the_grid_square_5x5_corner,
          minmay_the_grid_square_5x5_shuriken,
          minmay_the_grid_square_5x5_prize_pseudospiral,
          minmay_the_grid_square_5x5_prize_itemx,
          minmay_the_grid_square_5x5_empty,
          minmay_the_grid_square_5x5_six_small,
          minmay_the_grid_square_5x5_prize_deathbox,
          minmay_the_grid_square_5x5_prize_rear_guard,
          minmay_the_grid_square_5x5_slash, minmay_the_grid_square_5x5_bridge,
          minmay_the_grid_square_5x5_gyroscope,
          minmay_the_grid_square_5x5_checkered_sparse,
          minmay_the_grid_square_5x5_tri_point], layout_basic, enter_ziggurat_e,
          hell_entry, rand_demon_pan_entry_4
Depths:4: grunt_profane_halls [grunt_profane_temple_coc,
          grunt_profane_temple_dis, grunt_profane_temple_geh,
          grunt_profane_temple_tar, grunt_profane_loot], abyss_entry, hell_entry
Depths:5: grunt_x_marks_the_spot, layout_basic, pf_vacation_house_of_asmodeus,
          nicolae_lava_and_water
Hell
Dis:1:    layout_gridville
Dis:2:    layout_gridville
Dis:4:    layout_regular_city
Dis:5:    hangedman_dis_monolith, layout_regular_city
Dis:6:    layout_regular_city, nicolae_dis_lava_storage_tank
Dis:7:    iron_city_of_dis [dis_old, dis_wall_4], layout_chaotic_city
Geh:1:    layout_gehenna_pools_box
Geh:2:    layout_gehenna_lava_caves
Geh:3:    layout_gehenna_pools_triple, hangedman_generic_boss_arena
Geh:4:    layout_gehenna_pools_box
Geh:5:    layout_gehenna_lava_caves
Geh:6:    layout_gehenna_pools_box, nicolae_geh_fiery_graves
          [nicolae_geh_single_fiery_grave, nicolae_geh_single_fiery_grave,
          nicolae_geh_single_fiery_grave, nicolae_geh_single_fiery_grave,
          nicolae_geh_single_fiery_grave, nicolae_geh_single_fiery_grave,
          nicolae_geh_single_fiery_grave, nicolae_geh_single_fiery_grave,
          nicolae_geh_single_fiery_grave]
Geh:7:    geh_old
Coc:1:    layout_cocytus_water_paths
Coc:2:    layout_cocytus_water_paths
Coc:3:    layout_cocytus_water_paths
Coc:4:    layout_cocytus_water_paths
Coc:5:    layout_ice_bergs
Coc:6:    layout_ice_bergs
Coc:7:    coc_hangedman
Tar:1:    layout_grid_maze
Tar:2:    layout_cathedral_of_symmetry, nicolae_tar_cuneiform_heaven,
          lemuel_nasty_fountain
Tar:3:    layout_cathedral_of_symmetry
Tar:5:    layout_catacombs, hangedman_mysterious_dungeon_monster_house
Tar:6:    layout_cathedral_of_symmetry
Tar:7:    tar_old
Zot:1:    layout_onion_interference
Zot:2:    kennysheep_ambush_hall, layout_onion, grunt_ministairs_9,
          st_single_dragon_hoard_2
Zot:3:    kennysheep_spiral_hall, layout_basic, grunt_ministairs_8
Zot:4:    layout_cathedral_of_symmetry, zot_minivault_6
Zot:5:    layout_gridlike

Skill      XL: |  1  2  3  4  5  6  7  8  9 10 11 12 13 14 15 16 17 18 19 20 21 22 23 24 25 26 27 |
---------------+----------------------------------------------------------------------------------+-----
Maces & Flails | 3 4 6 7 9 10 11 12 14 15 16 18 | 18.0
Shields        | 4 5 6 7 8 9 10 11 12 14 15 16 17 18 19 20 21 22 23 25 | 25.0
Fighting       | 4 5 6 7 8 9 10 11 12 13 14 15 16 17 18 19 20 22 23 24 26 27 | 27.0
Armour         | 4 5 6 7 8 9 10 11 12 13 14 15 16 17 18 19 20 21 22 23 27 | 27.0
Invocations    | 2 4 6 7 9 15 | 15.0
Dodging        | 2 4 5 6 8 9 10 27 | 27.0
Earth Magic    | 27 | 27.0
Spellcasting   | 26 | 26.9
Throwing       | 10 | 10.0
Translocations | 10 | 10.0
Conjurations   | 15 | 15.0

Action                   |  1- 3 |  4- 6 |  7- 9 | 10-12 | 13-15 | 16-18 | 19-21 | 22-24 | 25-27 || total
-------------------------+-------+-------+-------+-------+-------+-------+-------+-------+-------++-------
Melee: Flail             |   131 |   216 |   504 |   854 |       |       |       |       |       ||  1705
       Morningstar       |       |       |       |   119 |  1132 |   405 |       |       |   758 ||  2414
       Unarmed           |       |       |       |       |     7 |       |       |       |       ||     7
       Headbutt          |       |       |       |       |       |   325 |   352 |   425 |   831 ||  1933
       Eveningstar       |       |       |       |       |       |   806 |  1217 |  1388 |  9698 || 13109
       Kick              |       |       |       |       |       |       |       |       |     4 ||     4
Throw: Javelin           |       |    17 |     3 |     9 |    35 |    82 |    34 |    30 |   155 ||   365
       Dart              |       |       |    54 |    33 |       |       |       |       |       ||    87
       Throwing net      |       |       |     2 |       |       |       |       |       |     1 ||     3
 Cast: Apportation       |       |       |       |       |       |       |       |     4 |       ||     4
       Shatter           |       |       |       |       |       |       |       |       |    44 ||    44
       Iron Shot         |       |       |       |       |       |       |       |       |    31 ||    31
       Passwall          |       |       |       |       |       |       |       |       |     8 ||     8
Invok: Heroism           |       |       |     5 |    39 |    26 |    27 |    38 |    20 |    33 ||   188
       Finesse           |       |       |       |     3 |     2 |     7 |    12 |     8 |    25 ||    57
       Divine Shield     |       |       |       |       |       |       |       |       |   110 ||   110
       Cleansing Flame   |       |       |       |       |       |       |       |       |   104 ||   104
       Summon Divine War |       |       |       |       |       |       |       |       |    32 ||    32
       Brand Weapon With |       |       |       |       |       |       |       |       |     1 ||     1
 Abil: Fly               |       |       |       |       |       |     1 |       |       |     2 ||     3
       Stop Flying       |       |       |       |       |       |     1 |       |       |     2 ||     3
Evoke: Wand              |       |       |       |    11 |     8 |     1 |       |       |     8 ||    28
       Phantom mirror    |       |       |       |       |       |       |       |       |     1 ||     1
  Use: Scroll            |       |       |     5 |    14 |    16 |    15 |    14 |    13 |   105 ||   182
       Potion            |       |       |       |     4 |     2 |     4 |       |     1 |    63 ||    74
 Stab: Distracted        |       |       |       |       |       |       |       |       |     2 ||     2
       Confused          |       |       |       |       |       |       |       |       |     1 ||     1
  Eat: Chunk             |     1 |     6 |    10 |    26 |    17 |    50 |    16 |    25 |    78 ||   229
       Ration            |       |       |     2 |       |     3 |     4 |     2 |     3 |    50 ||    64
Armor: Scale mail        |    66 |   111 |     9 |       |       |       |       |       |       ||   186
       Plate armour      |       |       |   293 |   399 |   422 |   324 |   261 |   249 |    86 ||  2034
       Chain mail        |       |       |       |       |    84 |       |       |       |       ||    84
       Gold dragon scale |       |       |       |       |       |       |       |       |  3033 ||  3033
       Skin              |       |       |       |       |       |       |       |       |     2 ||     2
Dodge: Dodged            |    33 |    77 |    86 |   134 |   254 |   191 |   219 |   243 |  3209 ||  4446
Block: Shield            |    77 |   115 |   226 |   461 |   756 |    95 |       |       |       ||  1730
       Reflection        |       |       |       |       |     2 |    72 |   217 |   164 |   215 ||   670
       Large shield      |       |       |       |       |       |  1103 |  1478 |  1383 | 12970 || 16934

Table legend:
 A = Non-vault XP
 B = Vault XP
 C = Vault XP percentage of total XP
 D = Non-vault monster count
 E = Vault monster count
 F = Vault count percentage of total count
                 A         B        C        D         E       F
            +---------+---------+-------+---------+---------+-------
      Total | 2272265 | 2072111 |  47.7 |    3776 |    1907 |  33.6
            +---------+---------+-------+---------+---------+-------
        D:1 |      41 |       4 |   8.9 |      21 |       3 |  12.5
        D:2 |      72 |       0 |   0.0 |      22 |       0 |   0.0
        D:3 |     197 |       0 |   0.0 |      26 |       0 |   0.0
        D:4 |     229 |      60 |  20.8 |       9 |       7 |  43.8
        D:5 |     686 |     746 |  52.1 |      14 |       3 |  17.6
        D:6 |     709 |       0 |   0.0 |      16 |       0 |   0.0
        D:7 |    1560 |     193 |  11.0 |      39 |       1 |   2.5
        D:8 |    2084 |      88 |   4.1 |      12 |       1 |   7.7
        D:9 |    4447 |    2487 |  35.9 |      24 |      15 |  38.5
       D:10 |    2136 |       0 |   0.0 |      27 |       0 |   0.0
       D:11 |    1680 |    1244 |  42.5 |      17 |       7 |  29.2
       D:12 |    4121 |    4146 |  50.2 |      35 |      24 |  40.7
       D:13 |    4574 |    5485 |  54.5 |      25 |       7 |  21.9
       D:14 |   10635 |   13015 |  55.0 |      22 |      27 |  55.1
       D:15 |   27917 |   10952 |  28.2 |      55 |      16 |  22.5
     Temple |     113 |       0 |   0.0 |       1 |       0 |   0.0
     Lair:1 |    4027 |       0 |   0.0 |      15 |       0 |   0.0
     Lair:2 |    4250 |    1962 |  31.6 |      16 |       3 |  15.8
     Lair:3 |    7514 |     814 |   9.8 |      20 |       5 |  20.0
     Lair:4 |    7590 |    1362 |  15.2 |      22 |       5 |  18.5
     Lair:5 |    3139 |    5684 |  64.4 |      12 |       7 |  36.8
     Lair:6 |   18997 |   10116 |  34.7 |      57 |      39 |  40.6
    Swamp:1 |    7715 |    2932 |  27.5 |      18 |       1 |   5.3
    Swamp:2 |    7569 |    2210 |  22.6 |      30 |       4 |  11.8
    Swamp:3 |   12963 |       0 |   0.0 |      27 |       0 |   0.0
    Swamp:4 |   16261 |   22251 |  57.8 |      36 |      25 |  41.0
    Snake:1 |   16322 |   14069 |  46.3 |      34 |      19 |  35.8
    Snake:2 |   20715 |    7049 |  25.4 |      42 |      12 |  22.2
    Snake:3 |   13857 |    5695 |  29.1 |      28 |       1 |   3.4
    Snake:4 |   11647 |   58159 |  83.3 |      20 |      76 |  79.2
    Slime:1 |    7957 |       0 |   0.0 |      14 |       0 |   0.0
    Slime:2 |    7020 |       0 |   0.0 |      12 |       0 |   0.0
    Slime:3 |    4103 |       0 |   0.0 |       6 |       0 |   0.0
    Slime:4 |   16073 |       0 |   0.0 |      17 |       0 |   0.0
    Slime:5 |   15347 |   29884 |  66.1 |      27 |      14 |  34.1
      Orc:1 |     997 |     331 |  24.9 |      15 |       2 |  11.8
      Orc:2 |    8513 |    5395 |  38.8 |      68 |      42 |  38.2
      Elf:1 |   20346 |   13678 |  40.2 |      39 |      21 |  35.0
      Elf:2 |   12238 |   44668 |  78.5 |      19 |      49 |  72.1
      Elf:3 |   25690 |   35338 |  57.9 |      43 |      27 |  38.6
   Vaults:1 |   43585 |   29003 |  40.0 |      68 |      45 |  39.8
   Vaults:2 |   57281 |   24417 |  29.9 |      86 |      32 |  27.1
   Vaults:3 |   26110 |   30419 |  53.8 |      45 |      63 |  58.3
   Vaults:4 |   40897 |   34130 |  45.5 |      69 |      18 |  20.7
   Vaults:5 |   44569 |  140255 |  75.9 |      67 |      97 |  59.1
    Crypt:1 |   18741 |    8270 |  30.6 |      41 |       1 |   2.4
    Crypt:2 |   22955 |   47002 |  67.2 |      45 |      38 |  45.8
    Crypt:3 |       0 |   75318 | 100.0 |       0 |     110 | 100.0
     Tomb:1 |    9672 |  137456 |  93.4 |      44 |      52 |  54.2
     Tomb:2 |   19108 |   74332 |  79.6 |      44 |      76 |  63.3
     Tomb:3 |   24801 |   91107 |  78.6 |      45 |      52 |  53.6
   Depths:1 |   29497 |    9032 |  23.4 |      42 |       6 |  12.5
   Depths:2 |   48827 |   22376 |  31.4 |      60 |      18 |  23.1
   Depths:3 |   22801 |   52477 |  69.7 |      25 |      40 |  61.5
   Depths:4 |    8824 |  108079 |  92.5 |      10 |     120 |  92.3
   Depths:5 |   65367 |   24732 |  27.4 |      52 |      17 |  24.6
       Hell |   42922 |   39134 |  47.7 |      45 |      68 |  60.2
      Dis:1 |    6546 |       0 |   0.0 |      13 |       0 |   0.0
      Dis:2 |    1894 |       0 |   0.0 |       4 |       0 |   0.0
      Dis:4 |    1820 |       0 |   0.0 |       9 |       0 |   0.0
      Dis:5 |   27867 |   12856 |  31.6 |      36 |      17 |  32.1
      Dis:7 |   37934 |   66656 |  63.7 |      54 |      34 |  38.6
      Geh:1 |    4808 |       0 |   0.0 |      13 |       0 |   0.0
      Geh:2 |   16403 |       0 |   0.0 |      43 |       0 |   0.0
      Geh:3 |    9033 |       0 |   0.0 |      27 |       0 |   0.0
      Geh:4 |   17641 |       0 |   0.0 |      37 |       0 |   0.0
      Geh:5 |   24564 |       0 |   0.0 |      50 |       0 |   0.0
      Geh:6 |    7842 |       0 |   0.0 |      17 |       0 |   0.0
      Geh:7 |   32966 |   43226 |  56.7 |      59 |      33 |  35.9
      Coc:1 |    6799 |       0 |   0.0 |      15 |       0 |   0.0
      Coc:2 |     358 |       0 |   0.0 |       1 |       0 |   0.0
      Coc:3 |   17751 |       0 |   0.0 |      18 |       0 |   0.0
      Coc:4 |   13257 |       0 |   0.0 |      22 |       0 |   0.0
      Coc:5 |     754 |       0 |   0.0 |       1 |       0 |   0.0
      Coc:6 |   13019 |       0 |   0.0 |      10 |       0 |   0.0
      Coc:7 |   37259 |   69900 |  65.2 |      58 |      55 |  48.7
      Tar:1 |   20095 |       0 |   0.0 |      34 |       0 |   0.0
      Tar:2 |   12788 |       0 |   0.0 |      19 |       0 |   0.0
      Tar:3 |   19862 |       0 |   0.0 |      36 |       0 |   0.0
      Tar:5 |    7559 |       0 |   0.0 |      13 |       0 |   0.0
      Tar:6 |    3115 |       0 |   0.0 |      18 |       0 |   0.0
      Tar:7 |   57948 |   47178 |  44.9 |      70 |      27 |  27.8
      Zot:1 |   42287 |       0 |   0.0 |      24 |       0 |   0.0
      Zot:2 |   39583 |   22342 |  36.1 |      20 |      11 |  35.5
      Zot:3 |   30713 |   24080 |  43.9 |      23 |       9 |  28.1
      Zot:4 |   67421 |   22844 |  25.3 |      43 |      10 |  18.9
      Zot:5 |   68235 |  178385 |  72.3 |      38 |      43 |  53.1
    Abyss:1 |  247124 |    7459 |   2.9 |     423 |      15 |   3.4
    Abyss:2 |    6077 |       0 |   0.0 |       7 |       0 |   0.0
    Abyss:3 |  164264 |    8922 |   5.2 |     357 |      16 |   4.3
    Abyss:5 |    2679 |       0 |   0.0 |       4 |       0 |   0.0
        Pan |  345992 |  266035 |  43.5 |     370 |     169 |  31.4
      IceCv |       0 |    9045 | 100.0 |       0 |      57 | 100.0
    Volcano |       0 |    2498 | 100.0 |       0 |       8 | 100.0
 Desolation |       0 |   38313 | 100.0 |       0 |      70 | 100.0
   Gauntlet |       0 |    4816 | 100.0 |       0 |      17 | 100.0
            +---------+---------+-------+---------+---------+-------
